Workbook
Name _____________________pv3: #REF!
Name _____________________pv3: #REF!
Name _____________________pv3: #REF!
Name _____________________pv3: #REF!
Name _____________________pv3: #REF!
Name ____________________Ele200502: #REF!
Name ____________________Ele200502: #REF!
Name ____________________Ele200502: #REF!
Name ____________________Ele200502: #REF!
Name ____________________pv3: #REF!
Name ____________________pv3: #REF!
Name ____________________pv3: #REF!
Name ____________________pv3: #REF!
Name ____________________Ser200705: #REF!
Name ____________________Ser200705: #REF!
Name ____________________Ser200705: #REF!
Name ____________________Ser200712: #REF!
Name ____________________Ser200712: #REF!
Name ____________________Ser200712: #REF!
Name ____________________Ser201104: #REF!
Name ____________________Ser201104: #REF!
Name ____________________Ser201104: #REF!
Name ____________________TR2: #REF!
Name ____________________TR2: #REF!
Name ____________________TR2: #REF!
Name ____________________TR5: #REF!
Name ____________________TR5: #REF!
Name ____________________TR5: #REF!
Name ___________________Ele200502: #REF!
Name ___________________Ele200502: #REF!
Name ___________________Ele200502: #REF!
Name ___________________Ele200609: #REF!
Name ___________________Ele200609: #REF!
Name ___________________Ele200609: #REF!
Name ___________________pv2: #REF!
Name ___________________pv2: #REF!
Name ___________________pv2: #REF!
Name ___________________pv3: #REF!
Name ___________________pv3: #REF!
Name ___________________pv3: #REF!
Name ___________________Ser200506: #REF!
Name ___________________Ser200506: #REF!
Name ___________________Ser200506: #REF!
Name ___________________Ser200705: #REF!
Name ___________________Ser200705: #REF!
Name ___________________Ser200705: #REF!
Name ___________________Ser200712: #REF!
Name ___________________Ser200712: #REF!
Name ___________________Ser200712: #REF!
Name ___________________Ser201104: #REF!
Name ___________________Ser201104: #REF!
Name ___________________Ser201104: #REF!
Name ___________________TR2: #REF!
Name ___________________TR2: #REF!
Name ___________________TR2: #REF!
Name ___________________TR5: #REF!
Name ___________________TR5: #REF!
Name ___________________TR5: #REF!
Name __________________Ele200502: #REF!
Name __________________Ele200502: #REF!

Sheet PO
D2: PREFEITURA MUNICIPAL DE CARMO DO CAJURU
D3: SECRETARIA MUNICIPAL DE OBRAS PÚBLICAS E SERVIÇOS URBANOS
B4: Local: Rua Firmino Lopes Câmara, Bairro Cidade Jardim | I4: REFERÊNCIAS DE PREÇOS: | J4: Planilha Referência | K4: Data Base | L4: =CONCATENATE("O regime de Contribuição Previdenciária sobre a Receita Bruta adotado para elaboração do orçamento foi ",IF($C$8="Desonerado","COM","SEM")," Desoneração.") -> O regime de Contribuição Previdenciária sobre a Receita Bruta adotado para elaboração do orçamento foi COM Desoneração.
B5: Projeto: REVITALIZAÇÃO DA QUADRA DO LÍBANO | J5: SINAPI | K5: 46054
B6: Responsável Técnico: Bruno Maciel Souza Quieroz | J6: SETOP_Central | K6: 46023
B7: Nº CREA/CAU: 311.050/D
B8: PREÇO: | C8: Desonerado
B9: BDI 1: | C9: ='BDI 1'!D31 -> 0.2544
B10: =TODAY() -> 46192 | E10: Prazo de execução: 2 meses
B11: PLANILHA ORÇAMENTÁRIA
B12: ITEM | C12: CÓDIGO | D12: BANCO | E12: DESCRIÇÃO | F12: UND | G12: QUANT. PREVISTA | H12: PREÇO ( R$ ) | J12: PREÇO ( R$ ) | L12: PESO (%)
H13: SEM BDI | J13: COM BDI
H14: UNITÁRIO | I14: TOTAL | J14: UNITÁRIO | K14: TOTAL
B15: 1 | E15: SERVIÇOS PRELIMINARES | I15: =SUBTOTAL(9,I16) -> 2430.32 | K15: =SUBTOTAL(9,K16) -> 3048.58 | L15: =K15/$K$31 -> 0.016697362
B16: 1.1 | C16: 103689 | D16: SINAPI | E16: FORNECIMENTO E INSTALAÇÃO DE PLACA DE OBRA COM CHAPA GALVANIZADA E ESTRUTURA DE MADEIRA. AF_03/2022_PS | F16: M² | G16: =VLOOKUP(B16,MC!B:Q,4,FALSE()) -> 6.48 | H16: 375.05 | I16: =ROUND(G16*H16,2) -> 2430.32 | J16: =ROUND(H16+(H16*$C$9),2) -> 470.46 | K16: =ROUND(J16*G16,2) -> 3048.58 | L16: =K16/$K$31 -> 0.016697362
B17: 2 | E17: ADMINISTRAÇÃO LOCAL | I17: =SUBTOTAL(9,II18) -> 0 | K17: =SUBTOTAL(9,K18) -> 6639.29
B18: 2.1 | C18: CPU-02 | D18: COMPOSIÇÃO | E18: =CPU!E19 -> ADMINISTRAÇÃO LOCAL | F18: UND | G18: 1 | H18: =CPU!I21 -> 5292.8 | I18: =ROUND(G18*H18,2) -> 5292.8 | J18: =ROUND(H18+(H18*$C$9),2) -> 6639.29 | K18: =ROUND(J18*G18,2) -> 6639.29
B19: 3 | E19: REMOÇÕES E DEMOLIÇÕES | I19: =SUBTOTAL(9,II20) -> 0 | K19: =SUBTOTAL(9,K20) -> 16355.26 | L19: =K19/$K$31 -> 0.089579312
B20: 3.1 | C20: ED-48434 | D20: SETOP | E20: REMOÇÃO MANUAL DE ALAMBRADO METÁLICO, COM REAPROVEITAMENTO, INCLUSIVE AFASTAMENTO E EMPILHAMENTO, EXCLUSIVE TRANSPORTE E RETIRADA DO MATERIAL REMOVIDO NÃO REAPROVEITÁVEL | F20: M² | G20: =VLOOKUP(B20,MC!B:Q,4,FALSE()) -> 586 | H20: 22.25 | I20: =ROUND(G20*H20,2) -> 13038.5 | J20: =ROUND(H20+(H20*$C$9),2) -> 27.91 | K20: =ROUND(J20*G20,2) -> 16355.26
B21: 4 | E21: ALAMBRADO | I21: =SUBTOTAL(9,I22:I24) -> 107230.18 | K21: =SUBTOTAL(9,K22:K24) -> 134514.54 | L21: =K21/$K$31 -> 0.73674891
B22: 4.1 | C22: 102363 | D22: SINAPI | E22: ALAMBRADO PARA QUADRA POLIESPORTIVA, ESTRUTURADO POR TUBOS DE AÇO GALVANIZADO, (MONTANTES COM DIÂMETRO 2", TRAVESSAS E ESCORAS COM DIÂMETRO 1 ¼"), COM TELA DE ARAME GALVANIZADO, FIO 12 BWG E MALHA QUADRADA 5X5CM (EXCETO MURETA). AF_12/2025 | F22: M² | G22: =VLOOKUP(B22,MC!B:Q,4,FALSE()) -> 586 | H22: 173.96 | I22: =ROUND(G22*H22,2) -> 101940.56 | J22: =ROUND(H22+(H22*$C$9),2) -> 218.22 | K22: =ROUND(J22*G22,2) -> 127876.92 | L22: =K22/$K$31 -> 0.70039403
B23: 4.2 | C23: CPU-01 | D23: COMPOSIÇÃO | E23: =CPU!E12 -> REDE DE PROTEÇÃO HORIZONTAL PARA QUADRA POLIESPORTIVA - INSTALAÇÃO | F23: M² | G23: =VLOOKUP(B23,MC!B:Q,4,FALSE()) -> 775.68 | H23: =CPU!I16 -> 1.21 | I23: =ROUND(G23*H23,2) -> 938.57 | J23: =ROUND(H23+(H23*$C$9),2) -> 1.52 | K23: =ROUND(J23*G23,2) -> 1179.03
B24: 4.3 | C24: 100723 | D24: SINAPI | E24: PINTURA COM TINTA ALQUÍDICA DE FUNDO E ACABAMENTO (ESMALTE SINTÉTICO GRAFITE) PULVERIZADA SOBRE PERFIL METÁLICO EXECUTADO EM FÁBRICA (POR DEMÃO). AF_01/2020_PE | F24: M² | G24: =VLOOKUP(B24,MC!B:Q,4,FALSE()) -> 293 | H24: 14.85 | I24: =ROUND(G24*H24,2) -> 4351.05 | J24: =ROUND(H24+(H24*$C$9),2) -> 18.63 | K24: =ROUND(J24*G24,2) -> 5458.59
B25: 5 | E25: PINTURA | I25: =SUBTOTAL(9,I26:I27) -> 12893.72 | K25: =SUBTOTAL(9,K26:K27) -> 16170.18 | L25: =K25/$K$31 -> 0.088565611
B26: 5.1 | C26: ED-50461 | D26: SETOP | E26: PINTURA ACRÍLICA PARA PISO EM QUADRAS ESPORTIVA, DUAS (2 ) DEMÃOS, COM APLICAÇÃO MANUAL | F26: M² | G26: =VLOOKUP(B26,MC!B:Q,4,FALSE()) -> 663.92 | H26: 13.62 | I26: =ROUND(G26*H26,2) -> 9042.59 | J26: =ROUND(H26+(H26*$C$9),2) -> 17.08 | K26: =ROUND(J26*G26,2) -> 11339.75 | L26: =K26/$K$31 -> 0.062108887
B27: 5.2 | C27: 102506 | D27: SINAPI | E27: PINTURA DE DEMARCAÇÃO DE QUADRA POLIESPORTIVA COM TINTA EPÓXI, E = 5 CM, APLICAÇÃO MANUAL. AF_05/2021 | F27: M | G27: =VLOOKUP(B27,MC!B:Q,4,FALSE()) -> 300.4 | H27: 12.82 | I27: =ROUND(G27*H27,2) -> 3851.13 | J27: =ROUND(H27+(H27*$C$9),2) -> 16.08 | K27: =ROUND(J27*G27,2) -> 4830.43 | L27: =K27/$K$31 -> 0.026456724
B28: 6 | E28: SERVIÇOS FINAIS | I28: =SUBTOTAL(9,I29:I30) -> 4664.14 | K28: =SUBTOTAL(9,K29:K30) -> 5850.69
B29: 6.1 | C29: ED-49572 | D29: SETOP | E29: POSTE DE VÔLEI OU PETECA OFICIAL (PAR) COM REDE, EM TUBO DE AÇO, DIÂMETRO DE 3", TIPO TELESCÓPICO, INCLUSIVE TRATAMENTO ANTICORROSIVO E PINTURA | F29: UND | G29: 1 | H29: 1614.71 | I29: =ROUND(G29*H29,2) -> 1614.71 | J29: =ROUND(H29+(H29*$C$9),2) -> 2025.49 | K29: =ROUND(J29*G29,2) -> 2025.49
B30: 6.2 | C30: ED-49569 | D30: SETOP | E30: TRAVE DE FUTSAL (PAR) COM REDE, EM TUBO DE AÇO, DIÂMETRO DE 3", COMPRIMENTO 300CM, ALTURA 200CM, INCLUSIVE TRATAMENTO ANTICORROSIVO E PINTURA | F30: UND | G30: 1 | H30: 3049.43 | I30: =ROUND(G30*H30,2) -> 3049.43 | J30: =ROUND(H30+(H30*$C$9),2) -> 3825.2 | K30: =ROUND(J30*G30,2) -> 3825.2
B31: VALOR TOTAL | H31: S/BDI | I31: =SUBTOTAL(9,I15:I27) -> 140885.52 | J31: C/ BDI | K31: =SUBTOTAL(9,K15:K30) -> 182578.54 | L31: =L15+L19+L21+L25+#REF!+#REF!+#REF!+L26+L25 -> #REF!
B33: VINICIUS ALVES CAMARGOS | F33: BRUNO MACIEL SOUZA QUEIROZ
B36: PREFEITO MUNICIPAL | F36: ENGENHEIRO CIVIL - CREA: 311.050/D

Sheet ABC
B3: FORNECIMENTO E COLOCAÇÃO DE PLACA DE OBRA EM CHAPA GALVANIZADA #26, ESP. 0,45 MM, PLOTADA COM ADESIVO VINÍLICO, AFIXADA COM REBITES 4,8X40 MM, EM ESTRUTURA METÁLICA DE METALON 20X20 MM, ESP. 1,25 MM, INCLUSIVE SUPORTE EM EUCALIPTO AUTOCLAVADO PINTADO COM TINTA PVA DUAS (2) DEMÃOS | C3: m2 | D3: 2.88 | E3: 1123.46
B4: FORNECIMENTO DE ESTRUTURA METÁLICA E ENGRADAMENTO METÁLICO, EM AÇO, PARA TELHADO, EXCLUSIVE TELHA, INCLUSIVE FABRICAÇÃO, TRANSPORTE, MONTAGEM E APLICAÇÃO DE FUNDO PREPARADOR ANTICORROSIVO EM SUPERFÍCIE METÁLICA, UMA (1) DEMÃO | C4: Kg | D4: 6056.85 | E4: 176072.63
B5: MURO DIVISA ALV.INCL.SAPATA 1:3:6 30X40CM E CHAPEU TIJOLO FURADO ESP=10CM, REBOCADO E PINTADO H=2,50M | C5: M | D5: 132.18 | E5: 101035.75
B6: FÔRMA E DESFORMA DE COMPENSADO RESINADO, ESP. 12MM, REAPROVEITAMENTO (3X), EXCLUSIVE ESCORAMENTO | C6: m2 | D6: 992.1 | E6: 75330.15
B7: CONCRETO USINADO B1,B2 LANÇADO EM ESTRUTURA FCK >= 25 MPA, BRITA CALCÁRIA, USINADO CONVENCIONAL, LANÇADO EM ESTRUTURA | C7: M3 | D7: 80.49 | E7: 67403.94
B8: REBOCO COM ARGAMASSA, TRAÇO 1:7 (CIMENTO E AREIA), ESP. 20MM, APLICAÇÃO MANUAL, INCLUSIVE ARGAMASSA COM PREPARO MECANIZADO, EXCLUSIVE CHAPISCO | C8: m2 | D8: 1677.96 | E8: 61933.5
B9: EXECUÇÃO DE PAVIMENTO EM PISO INTERTRAVADO, COM BLOCO RETANGULAR COR NATURAL DE 20 X 10 CM, ESPESSURA 6 CM. AF_10/2022 | C9: M2 | D9: 432.07 | E9: 57789.36
B10: ALVENARIA DE VEDAÇÃO COM TIJOLO CERÂMICO FURADO, ESP. 9CM, PARA REVESTIMENTO, INCLUSIVE ARGAMASSA PARA ASSENTAMENTO | C10: m2 | D10: 806.18 | E10: 47177.65
B11: GRADIL EM FERRO FIXADO EM VÃOS DE JANELAS, FORMADO POR BARRAS CHATAS DE 25X4,8 MM. AF_04/2019 | C11: M2 | D11: 44.68 | E11: 34649.79
B12: REVESTIMENTO CERÂMICO PARA PISO COM PLACAS TIPO ESMALTADA EXTRA DE DIMENSÕES 45X45 CM APLICADA EM AMBIENTES DE ÁREA MAIOR QUE 10 M2. AF_02/2023_PE | C12: M2 | D12: 321.24 | E12: 28763.83
B13: CORTE, DOBRA E MONTAGEM DE AÇO CA-60, DIÂMETRO 5MM, INCLUSIVE ESPAÇADOR | C13: Kg | D13: 1735.63 | E13: 27006.4
B14: CONCRETO CICLÓPICO, FCK 15MPA, PREPARADO EM OBRA COM BETONEIRA, COM ADIÇÃO DE 30% DE PEDRA DE MÃO, INCLUSIVE LANÇAMENTO, ADENSAMENTO E ACABAMENTO | C14: m3 | D14: 43.68 | E14: 26758.8
... B428: PINTURA ESMALTE EM TUBO GALVANIZADO, DUAS (2) DEMÃOS, INCLUSIVE UMA (1) DEMÃO DE FUNDO ANTICORROSIVO | C428: m | D428: 0 | E428: 0

Sheet MC
B2: =PO!D2 -> PREFEITURA MUNICIPAL DE CARMO DO CAJURU
B3: =PO!D3 -> SECRETARIA MUNICIPAL DE OBRAS PÚBLICAS E SERVIÇOS URBANOS
B4: =PO!B5 -> Projeto: REVITALIZAÇÃO DA QUADRA DO LÍBANO
B5: =PO!B6 -> Responsável Técnico: Bruno Maciel Souza Quieroz
B6: =PO!B7 -> Nº CREA/CAU: 311.050/D | P6: Data:
B7: =PO!E10 -> Prazo de execução: 2 meses | P7: =TODAY() -> 46192
B9: MEMÓRIA DE CÁLCULO
B10: Item | C10: Descrição | D10: Unid. | E10: Quant. Prevista | Q10: Locais e Cálculo Detalhado
B13: =PO!B15 -> 1 | C13: =PO!E15 -> SERVIÇOS PRELIMINARES
B14: =PO!B16 -> 1.1 | C14: =PO!E16 -> FORNECIMENTO E INSTALAÇÃO DE PLACA DE OBRA COM CHAPA GALVANIZADA E ESTRUTURA DE MADEIRA. AF_03/2022_PS | D14: =PO!F16 -> M² | E14: 6.48 | F14: 1,80*3,60 = 6,48 m²
B15: =PO!B17 -> 2 | C15: =PO!E17 -> ADMINISTRAÇÃO LOCAL
B16: =PO!B18 -> 2.1 | C16: =PO!E18 -> ADMINISTRAÇÃO LOCAL | D16: =PO!F18 -> UND | E16: 40 | F16: Engenheiro = 1 h/dia * 5 dias/semana * 4 semanas/mês * 2 meses = 40 h
B17: =PO!B19 -> 3 | C17: =PO!E19 -> REMOÇÕES E DEMOLIÇÕES
B18: =PO!B20 -> 3.1 | C18: =PO!E20 -> REMOÇÃO MANUAL DE ALAMBRADO METÁLICO, COM REAPROVEITAMENTO, INCLUSIVE AFASTAMENTO E EMPILHAMENTO, EXCLUSIVE TRANSPORTE E RETIRADA DO MATERIAL REMOVIDO NÃO REAPROVEITÁVEL | D18: =PO!F20 -> M² | E18: 586 | F18: 38,4*5,00*2+20,20*5,00*2 =586,00 m²
B19: =PO!B21 -> 4 | C19: =PO!E21 -> ALAMBRADO
B20: =PO!B22 -> 4.1 | C20: =PO!E22 -> ALAMBRADO PARA QUADRA POLIESPORTIVA, ESTRUTURADO POR TUBOS DE AÇO GALVANIZADO, (MONTANTES COM DIÂMETRO 2", TRAVESSAS E ESCORAS COM DIÂMETRO 1 ¼"), COM TELA DE ARAME GALVANIZADO, FIO 12 BWG E MALHA QUADRADA 5X5CM (EXCETO MURETA). AF_12/2025 | D20: =PO!F22 -> M² | E20: 586 | F20: 38,4*5,00*2+20,20*5,00*2 =586,00 m²
B21: =PO!B23 -> 4.2 | C21: =PO!E23 -> REDE DE PROTEÇÃO HORIZONTAL PARA QUADRA POLIESPORTIVA - INSTALAÇÃO | D21: =PO!F23 -> M² | E21: 775.68 | F21: 38,4*20,2 = 775,68 m²
B22: =PO!B24 -> 4.3 | C22: =PO!E24 -> PINTURA COM TINTA ALQUÍDICA DE FUNDO E ACABAMENTO (ESMALTE SINTÉTICO GRAFITE) PULVERIZADA SOBRE PERFIL METÁLICO EXECUTADO EM FÁBRICA (POR DEMÃO). AF_01/2020_PE | D22: =PO!F24 -> M² | E22: 293 | F22: (38,4*5,00*2+20,20*5,00*2)/2 =293 m²
B23: =PO!B25 -> 5 | C23: =PO!E25 -> PINTURA
B24: =PO!B26 -> 5.1 | C24: =PO!E26 -> PINTURA ACRÍLICA PARA PISO EM QUADRAS ESPORTIVA, DUAS (2 ) DEMÃOS, COM APLICAÇÃO MANUAL | D24: =PO!F26 -> M² | E24: 663.92 | F24: 18,32*36,24 = 663,92 m²
B25: =PO!B27 -> 5.2 | C25: =PO!E27 -> PINTURA DE DEMARCAÇÃO DE QUADRA POLIESPORTIVA COM TINTA EPÓXI, E = 5 CM, APLICAÇÃO MANUAL. AF_05/2021 | D25: =PO!F27 -> M | E25: 300.4 | F25: Pintura futsal = 18,16*3+36,42*2+9,47*2+8,21*2+3,18+8,21*2+3,18+34,24*0,5*2 = 219,70 m Pintura Vôlei = 9,00*2+18,00*2+8,90*3 = 80,70 m Total = 300,40 m
B26: =PO!B28 -> 6 | C26: =PO!E28 -> SERVIÇOS FINAIS
B27: =PO!B29 -> 6.1 | C27: =PO!E29 -> POSTE DE VÔLEI OU PETECA OFICIAL (PAR) COM REDE, EM TUBO DE AÇO, DIÂMETRO DE 3", TIPO TELESCÓPICO, INCLUSIVE TRATAMENTO ANTICORROSIVO E PINTURA | D27: =PO!F29 -> UND | E27: 1 | F27: 1 unidade
B28: =PO!B30 -> 6.2 | C28: =PO!E30 -> TRAVE DE FUTSAL (PAR) COM REDE, EM TUBO DE AÇO, DIÂMETRO DE 3", COMPRIMENTO 300CM, ALTURA 200CM, INCLUSIVE TRATAMENTO ANTICORROSIVO E PINTURA | D28: =PO!F30 -> UND | E28: 1 | F28: 1 unidades
B31: VINICIUS ALVES CAMARGOS | J31: BRUNO MACIEL SOUZA QUEIROZ
B39: PREFEITO MUNICIPAL | J39: ENGENHEIRO CIVIL - CREA: 311.050/D

Sheet CPU
B2: =PO!D2 -> PREFEITURA MUNICIPAL DE CARMO DO CAJURU
B3: =PO!D3 -> SECRETARIA MUNICIPAL DE OBRAS PÚBLICAS E SERVIÇOS URBANOS
B4: =PO!B4 -> Local: Rua Firmino Lopes Câmara, Bairro Cidade Jardim | H4: REFERÊNCIAS
B5: =PO!B5 -> Projeto: REVITALIZAÇÃO DA QUADRA DO LÍBANO | H5: SINAPI | I5: =PO!K5 -> 46054
B6: =PO!B6 -> Responsável Técnico: Bruno Maciel Souza Quieroz | H6: SETOP_Central | I6: =PO!K6 -> 46023
B7: PREÇO: | C7: Não Desonerado
B8: BDI: | C8: =PO!C9 -> 0.2544
B9: =TODAY() -> 46192 | E9: =PO!E10 -> Prazo de execução: 2 meses
B10: COMPOSIÇÕES ANÁLITICAS
B12: COMP-01 | E12: REDE DE PROTEÇÃO HORIZONTAL PARA QUADRA POLIESPORTIVA - INSTALAÇÃO | I12: m²
B13: ITEM | C13: CODIGO | D13: BANCO | E13: DESCRIÇÃO | F13: UND | G13: QUANT. | H13: VALOR UNITÁRIO | I13: VALOR TOTAL
C14: 88316 | D14: SINAPI | E14: SERVENTE COM ENCARGOS COMPLEMENTARES | F14: H | G14: 0.0102 | H14: 23.58 | I14: =H14*G14 -> 0.240516
C15: 88309 | D15: SINAPI | E15: PEDREIRO COM ENCARGOS COMPLEMENTARES | F15: H | G15: 0.0306 | H15: 31.67 | I15: =H15*G15 -> 0.969102
I16: =ROUND(SUM(I14:I15),2) -> 1.21
B19: COMP-02 | E19: ADMINISTRAÇÃO LOCAL | I19: UND
B20: ITEM | C20: CODIGO | D20: BANCO | E20: DESCRIÇÃO | F20: UND | G20: QUANT. | H20: VALOR UNITÁRIO | I20: VALOR TOTAL
C21: 90777 | D21: SINAPI | E21: ENGENHEIRO CIVIL DE OBRA JUNIOR COM ENCARGOS COMPLEMENTARES | F21: H | G21: 40 | H21: 132.32 | I21: =H21*G21 -> 5292.8
I22: =ROUND(SUM(I21),2) -> 5292.8
B24: VINICIUS ALVES CAMARGOS | F24: BRUNO MACIEL SOUZA QUEIROZ
B30: PREFEITO MUNICIPAL | F30: ENGENHEIRO CIVIL - CREA: 311.050/D

Sheet BDI 1
B2: =PO!$D$2 -> PREFEITURA MUNICIPAL DE CARMO DO CAJURU
B3: =PO!$D$3 -> SECRETARIA MUNICIPAL DE OBRAS PÚBLICAS E SERVIÇOS URBANOS
B4: COMPOSIÇÃO ANALÍTICA DO BDI
B5: =PO!B4 -> Local: Rua Firmino Lopes Câmara, Bairro Cidade Jardim
B6: =PO!B5 -> Projeto: REVITALIZAÇÃO DA QUADRA DO LÍBANO
B7: =PO!B6 -> Responsável Técnico: Bruno Maciel Souza Quieroz
B8: =PO!B7 -> Nº CREA/CAU: 311.050/D
B10: Conforme legislação tributária municipal, defenir estimativa de percentual da base de cálculo para o ISS: | D10: 1
B11: Sobre a base de cálculo, definir a respectiva alíquota do ISS (entre 2% e 5%): | D11: 0.02
B13: TIPO DE OBRA
B14: Construção de Praças Urbanas, Rodovias, Ferrovias e recapeamento e pavimentação de vias urbanas
B16: Itens | C16: Sigla | D16: % Adotado
B17: Custo Direto | C17: CD | D17: 1
B18: Administração Local | C18: AC | D18: 0.038
B19: Lucro Bruto | C19: L | D19: 0.0664
B20: Despesas Financeiras | C20: DF | D20: 0.0102
B21: Seguros, garantias e risco | D21: =D22+D23 -> 0.0082
B22: Seguros + Garantias | C22: S | D22: 0.0032
B23: Risco(*) | C23: R | D23: 0.005
B24: ISS | C24: ISS | D24: =$D$10*$D$11 -> 0.02
B25: PIS | C25: PIS | D25: 0.0065
B26: COFINS | C26: C | D26: 0.03
B27: CPRB | C27: INSS | D27: =IF(PO!$C$8="Desonerado","4,50%","0,00%") -> 4,50%
B29: BDI (NUMERADOR) | C29: =(1+D18+D22+D23)*(1+D20)*(1+D19) -> 1.1270475
B30: BDI (DENOMINADOR) | C30: =(1-(D26+D25)-D24-D27) -> 0.8985
B31: =IF(PO!$C$8="Desonerado","BDI COM desoneração","BDI SEM desoneração") -> BDI COM desoneração | C31: =IF(PO!$C$8="Desonerado","BDI DES","BDI não DES") -> BDI DES | D31: =ROUND(C29/C30-1,4) -> 0.2544
B33: Os valores de BDI foram calculados com o emprego da fórmula:
B39: =CONCATENATE("Declaro para os devidos fins que, conforme legislação tributária municipal, a base de cálculo deste tipo de obra corresponde à ",$D$10*100,"%, com respectiva alíquota de ",$D$11*100,"%.") -> Declaro para os devidos fins que, conforme legislação tributária municipal, a base de cálculo deste tipo de obra corresponde à 100%, com respectiva alíquota de 2%.
B44: =CONCATENATE("Declaro para os devidos fins que o regime de Contribuição Previdenciária sobre a Receita Bruta adotado para elaboração do orçamento foi ",IF(PO!C8="Desonerado","COM","SEM")," Desoneração, e que esta é a alternativa mais adequada para a Administração Pública.") -> Declaro para os devidos fins que o regime de Contribuição Previdenciária sobre a Receita Bruta adotado para elaboração do orçamento foi COM Desoneração, e que esta é a alternativa mais adequada para a Administração Pública.
B49: Fonte da composição, valores de referência e fórmula do BDI: Acórdão 2622/2013 - TCU - Plenário.
B53: =TODAY() -> 46192 | D53: Carmo do Cajuru/MG
B54: Data | D54: Local
A55: VINICIUS ALVES CAMARGOS BRUNO MACIEL SOUZA QUEIROZ
A61: PREFEITO MUNICIPAL ENGENHEIRO CIVIL - CREA: 311.050/D

Sheet BDI 2
B2: COMPOSIÇÃO ANALÍTICA DO BDI 2
B3: =[4]PO_PMD!B3 -> #REF!
B5: =[4]PO_PMD!B4 -> #REF!
B6: =[4]PO_PMD!B5 -> #REF!
B7: Responsável Técnico: Ana Luiza Prazeres Breginski CREA MG: 231.075/D
B9: Conforme legislação tributária municipal, defenir estimativa de percentual da base de cálculo para o ISS: | D9: 0.5
B10: Sobre a base de cálculo, definir a respectiva alíquota do ISS (entre 2% e 5%): | D10: 0.05
B12: TIPO DE OBRA
B13: Fornecimento de Materiais e Equipamentos (aquisição indireta - em conjunto com licitação de obras)
B15: Itens | C15: Sigla | D15: % Adotado
B16: Custo Direto | C16: CD | D16: 1
B17: Administração Local | C17: AC | D17: 0.015
B18: Lucro Bruto | C18: L | D18: 0.035
B19: Despesas Financeiras | C19: DF | D19: 0.0085
B20: Seguros, garantias e risco | D20: =D21+D22 -> 0.0086
B21: Seguros + Garantias | C21: S | D21: 0.003
B22: Risco(*) | C22: R | D22: 0.0056
B23: ISS | C23: ISS | D23: =$D$9*$D$10 -> 0.025
B24: PIS | C24: PIS | D24: 0.0065
B25: COFINS | C25: C | D25: 0.03
B26: CPRB | C26: INSS | D26: =IF([4]PO_PMD!$C$8="Desonerado","4,50%","0,00%") -> #REF!
B28: BDI (NUMERADOR) | C28: =(1+D17+D21+D22)*(1+D19)*(1+D18) -> 1.0684311
B29: BDI (DENOMINADOR) | C29: =(1-(D25+D24)-D23-D26) -> #REF!
B30: =IF([4]PO_PMD!$C$8="Desonerado","BDI COM desoneração","BDI SEM desoneração") -> #REF! | C30: =IF([4]PO_PMD!$C$8="Desonerado","BDI DES","BDI não DES") -> #REF! | D30: =ROUND(C28/C29-1,4) -> #REF!
B32: Os valores de BDI foram calculados com o emprego da fórmula:
B38: =CONCATENATE("Declaro para os devidos fins que, conforme legislação tributária municipal, a base de cálculo deste tipo de obra corresponde à ",$D$9*100,"%, com respectiva alíquota de ",$D$10*100,"%.") -> Declaro para os devidos fins que, conforme legislação tributária municipal, a base de cálculo deste tipo de obra corresponde à 50%, com respectiva alíquota de 5%.
B43: =CONCATENATE("Declaro para os devidos fins que o regime de Contribuição Previdenciária sobre a Receita Bruta adotado para elaboração do orçamento foi ",IF([4]PO_PMD!C8="Desonerado","COM","SEM")," Desoneração, e que esta é a alternativa mais adequada para a Administração Pública.") -> #REF!
B48: Fonte da composição, valores de referência e fórmula do BDI: Acórdão 2622/2013 - TCU - Plenário.
B52: =TODAY() -> 46192 | D52: Divinópolis/MG
B53: Data | D53: Local

Sheet CFF
B2: =PO!D2 -> PREFEITURA MUNICIPAL DE CARMO DO CAJURU
B3: =PO!D3 -> SECRETARIA MUNICIPAL DE OBRAS PÚBLICAS E SERVIÇOS URBANOS
B5: =PO!B4 -> Local: Rua Firmino Lopes Câmara, Bairro Cidade Jardim
B6: =PO!B5 -> Projeto: REVITALIZAÇÃO DA QUADRA DO LÍBANO
B7: =PO!B6 -> Responsável Técnico: Bruno Maciel Souza Quieroz
B8: =PO!B7 -> Nº CREA/CAU: 311.050/D
B9: =TODAY() -> 46192 | E9: =PO!E10 -> Prazo de execução: 2 meses
B10: CRONOGRAMA FÍSICO FINANCEIRO
B11: ITEM | C11: ETAPAS | F11: FÍSICO FINANCEIRO | G11: TOTAL ETAPAS | H11: MÊS 1 | I11: MÊS 2
B12: 1 | C12: =VLOOKUP(B12,PO!B:L,4,FALSE()) -> SERVIÇOS PRELIMINARES | F12: FÍSICO % | G12: =G13/$G$25 -> 0.016697362 | H12: 1 | L12: =SUM(H12:I12)=100% -> TRUE
F13: FINANCEIRO | G13: =VLOOKUP(B12,PO!B:L,10,FALSE()) -> 3048.58 | H13: =H12*$G$13 -> 3048.58 | I13: =I12*$G$13 -> 0 | L13: =SUM(H13:I13)=G13 -> TRUE
B14: =B12+1 -> 2 | C14: =VLOOKUP(B14,PO!B:L,4,FALSE()) -> ADMINISTRAÇÃO LOCAL | F14: FÍSICO % | G14: =G15/$G$25 -> 0.036364022 | H14: 0.5 | I14: 0.5 | L14: =SUM(H14:I14)=100% -> TRUE
F15: FINANCEIRO | G15: =VLOOKUP(B14,PO!B:L,10,FALSE()) -> 6639.29 | H15: =H14*$G$15 -> 3319.645 | I15: =I14*$G$15 -> 3319.645 | L15: =SUM(H15:I15)=G15 -> TRUE
B16: =B14+1 -> 3 | C16: =VLOOKUP(B16,PO!B:L,4,FALSE()) -> REMOÇÕES E DEMOLIÇÕES | F16: FÍSICO % | G16: =G17/$G$25 -> 0.089579312 | H16: 1 | L16: =SUM(H16:I16)=100% -> TRUE
F17: FINANCEIRO | G17: =VLOOKUP(B16,PO!B:L,10,FALSE()) -> 16355.26 | H17: =H16*$G$17 -> 16355.26 | I17: =I16*$G$17 -> 0 | L17: =SUM(H17:I17)=G17 -> TRUE
B18: =B16+1 -> 4 | C18: =VLOOKUP(B18,PO!B:L,4,FALSE()) -> ALAMBRADO | F18: FÍSICO % | G18: =G19/$G$25 -> 0.73674891 | H18: 0.75 | I18: 0.25 | L18: =SUM(H18:I18)=100% -> TRUE
F19: FINANCEIRO | G19: =VLOOKUP(B18,PO!B:L,10,FALSE()) -> 134514.54 | H19: =H18*$G$19 -> 100885.9 | I19: =I18*$G$19 -> 33628.635 | L19: =SUM(H19:I19)=G19 -> TRUE
B20: =B18+1 -> 5 | C20: =VLOOKUP(B20,PO!B:L,4,FALSE()) -> PINTURA | F20: FÍSICO % | G20: =G21/$G$25 -> 0.088565611 | I20: 1 | L20: =SUM(H20:I20)=100% -> TRUE
F21: FINANCEIRO | G21: =VLOOKUP(B20,PO!B:L,10,FALSE()) -> 16170.18 | H21: =H20*$G$21 -> 0 | I21: =I20*$G$21 -> 16170.18 | L21: =SUM(H21:I21)=G21 -> TRUE
B22: =B20+1 -> 6 | C22: =VLOOKUP(B22,PO!B:L,4,FALSE()) -> SERVIÇOS FINAIS | F22: FÍSICO % | G22: =G23/$G$25 -> 0.032044785 | I22: 1 | L22: =SUM(H22:I22)=100% -> TRUE
F23: FINANCEIRO | G23: =VLOOKUP(B22,PO!B:L,10,FALSE()) -> 5850.69 | H23: =H22*$G$21 -> 0 | I23: =I22*$G$23 -> 5850.69 | L23: =SUM(H23:I23)=G23 -> TRUE
B24: VALOR TOTAL | F24: FÍSICO % | G24: =G25/$G$25 -> 1 | H24: =H25/$G$25 -> 0.67702037 | I24: =I25/$G$25 -> 0.32297963 | L24: =SUM(H24:I24)=100% -> TRUE
F25: FINANCEIRO | G25: =G13+G15+G17+G19+G21+G23 -> 182578.54 | H25: =H13+H15+H17+H19+H21+H23 -> 123609.39 | I25: =I13+I15+I17+I19+I21+I23 -> 58969.15 | L25: =SUM(H25:I25)=G25 -> TRUE
B26: VALORES ACUMULADOS | F26: FÍSICO % | G26: =G27/G27 -> 1 | H26: =H24 -> 0.67702037 | I26: =I27/$G$27 -> 1 | L26: =SUM(H26:I26)=100% -> FALSE
F27: FINANCEIRO | G27: =G25 -> 182578.54 | H27: =H25 -> 123609.39 | I27: =I25+H27 -> 182578.54 | L27: =SUM(I27)=G27 -> TRUE
L30: =G27=PO!K31 -> TRUE
B33: VINICIUS ALVES CAMARGOS | F33: BRUNO MACIEL SOUZA QUEIROZ
K34: MENSAL | L34: =AVERAGE(H25:I25) -> 91289.27
B36: PREFEITO MUNICIPAL | F36: ENGENHEIRO CIVIL - CREA: 311.050/D

Sheet CRON. DES.
B2: =PO!$D$2 -> PREFEITURA MUNICIPAL DE CARMO DO CAJURU
B3: =PO!$D$3 -> SECRETARIA MUNICIPAL DE OBRAS PÚBLICAS E SERVIÇOS URBANOS
B4: =PO!B4 -> Local: Rua Firmino Lopes Câmara, Bairro Cidade Jardim
B5: =PO!B5 -> Projeto: REVITALIZAÇÃO DA QUADRA DO LÍBANO
B6: =PO!B6 -> Responsável Técnico: Bruno Maciel Souza Quieroz
B7: =PO!B7 -> Nº CREA/CAU: 311.050/D
B8: Valor total: | D8: =PO!K31 -> 182578.54
B9: Emenda Impositiva: | D9: =D8 -> 182578.54 | F9: =D9/D8 -> 1
B10: Contrapartida | D10: =D8-D9 -> 0 | F10: =D10/D8 -> 0
B11: CRONOGRAMA DE DESEMBOLSO
B12: ETAPA/MÊS | C12: VALOR TOTAL | D12: % | E12: REPASSE | F12: % | G12: CONTRAPARTIDA | H12: %
B13: MÊS 1 | C13: =CFF!H25 -> 123609.39 | D13: =C13/$C$16 -> #REF! | E13: =D13*$D$9 -> #REF! | F13: =E13/$C$16 -> #REF! | G13: =D13*$D$10 -> #REF! | H13: =G13/$C$16 -> #REF!
B14: MÊS 2 | C14: =CFF!I25 -> 58969.15 | D14: =C14/$C$16 -> #REF! | E14: =D14*$D$9 -> #REF! | F14: =E14/$C$16 -> #REF! | G14: =D14*$D$10 -> #REF! | H14: =G14/$C$16 -> #REF!
B15: MÊS 3 | C15: =#REF! -> #REF! | D15: =C15/$C$16 -> #REF! | E15: =D15*$D$9 -> #REF! | F15: =E15/$C$16 -> #REF! | G15: =D15*$D$10 -> #REF! | H15: =G15/$C$16 -> #REF!
B16: TOTAIS | C16: =SUM(C13:C15) -> #REF! | D16: =SUM(D13:D15) -> #REF! | E16: =SUM(E13:E15) -> #REF! | F16: =SUM(F13:F15) -> #REF! | G16: =SUM(G13:G15) -> #REF! | H16: =SUM(H13:H15) -> #REF!
C19: =C16=PO!K31 -> #REF!

Sheet SETOP 01-24 DES
A1: TABELA REFERENCIAL DE PREÇOS UNITÁRIOS PARA OBRAS DE EDIFICAÇÃO
A2: Região Central - C/ Desoneração
A3: JANEIRO/2024
A6: CÓDIGO | B6: DESCRIÇÃO DO SERVIÇO | C6: UNIDADE | D6: CUSTO UNITÁRIO
A7: 8662 | B7: MOBILIZAÇÃO E DESMOBILIZAÇÃO DE OBRA
A8: 8700 | B8: OBRAS EM CENTRO URBANO OU REGIÃO LIMÍTROFE
A9: ED-50394 | B9: MOBILIZAÇÃO E DESMOBILIZAÇÃO DE OBRA EM CENTRO URBANO OU REGIÃO LIMÍTROFE COM VALOR ACIMA DE 3.000.000,01 | C9: % | D9: 0.2
A10: ED-50392 | B10: MOBILIZAÇÃO E DESMOBILIZAÇÃO DE OBRA EM CENTRO URBANO OU REGIÃO LIMÍTROFE COM VALOR ATÉ O VALOR DE 1.000.000,00 | C10: % | D10: 0.5
A11: ED-50393 | B11: MOBILIZAÇÃO E DESMOBILIZAÇÃO DE OBRA EM CENTRO URBANO OU REGIÃO LIMÍTROFE COM VALOR ENTRE 1.000.000,01 E 3.000.000,00 | C11: % | D11: 0.3
A12: 8701 | B12: OBRA DISTANTE DE CENTRO URBANO
A13: ED-50391 | B13: MOBILIZAÇÃO E DESMOBILIZAÇÃO OBRA DISTANTE DE CENTRO URBANO COM ACIMA DE 3.000.000,01 | C13: % | D13: 1
A14: ED-50390 | B14: MOBILIZAÇÃO E DESMOBILIZAÇÃO OBRA DISTANTE DE CENTRO URBANO COM ENTRE 1.000.000,01 E 3.000.000,00 | C14: % | D14: 1.5
A15: ED-50389 | B15: MOBILIZAÇÃO E DESMOBILIZAÇÃO OBRA DISTANTE DE CENTRO URBANO COM VALOR ATÉ O VALOR DE 1.000.000,00 | C15: % | D15: 2
A16: 8663 | B16: SERVIÇOS PRELIMINARES
A17: 8702 | B17: LIMPEZA DO TERRENO
A18: ED-50701 | B18: CAPINA MANUAL DO TERRENO, EXCLUSIVE RASTELAMENTO E QUEIMA | C18: m2 | D18: 1.21
A19: ED-28163 | B19: DESTOCAMENTO E AFASTAMENTO DE REMANESCENTE ARBÓREO, INCLUSIVE TRANSPORTE E RETIRADA DO MATERIAL ESCAVADO (EM CAÇAMBA) | C19: un | D19: 427.31
A20: ED-50703 | B20: LIMPEZA DE TERRENO, INCLUSIVE CAPINA, RASTELAMENTO COM AFASTAMENTO ATÉ VINTE (20) METROS E QUEIMA CONTROLADA | C20: m2 | D20: 2.15
A21: ED-8143 | B21: RASTELAMENTO DE ÁREA COM AFASTAMENTO DE ATÉ VINTE (20) METROS, EXCLUSIVE CAPINA OU ROÇADA MANUAL | C21: m2 | D21: 0.81
A22: ED-28162 | B22: ROÇADA MANUAL DE TERRENO COM ROÇADEIRA COSTAL, EXCLUSIVE RASTELAMENTO E QUEIMA | C22: m2 | D22: 0.25
A23: 8703 | B23: DESMATAMENTO E DESTOCAMENTO
A24: ED-50702 | B24: DESMATAMENTO, DESTOCAMENTO E LIMPEZA, INCLUSIVE TRANSPORTE ATÉ CINQUENTA (50) METROS | C24: m2 | D24: 0.49
A25: 8704 | B25: SUPRESSÃO DE ÁRVORE
A26: ED-50699 | B26: CORTE DE ÁRVORE COM MOTOSSERRA, DIÂMETRO DO TRONCO ACIMA DE TRINTA (30) CENTÍMETROS ATÉ CINQUENTA (50) CENTÍMETROS, EXCLUSIVE DESTOCAMENTO E AFASTAMENTO | C26: un | D26: 85.19
A27: ED-50697 | B27: CORTE DE ÁRVORE COM MOTOSSERRA, DIÂMETRO DO TRONCO DE QUINZE (15) CENTÍMETROS ATÉ TRINTA (30) CENTÍMETROS, EXCLUSIVE DESTOCAMENTO E AFASTAMENTO | C27: un | D27: 51.12
A28: 8706 | B28: REMOÇÃO DE TELHADO
A29: ED-48438 | B29: REMOÇÃO DE CALHA EM CHAPA GALVANIZADA OU EM PVC, COM REAPROVEITAMENTO, INCLUSIVE AFASTAMENTO E EMPILHAMENTO, EXCLUSIVE TRANSPORTE E RETIRADA DO MATERIAL REMOVIDO NÃO REAPROVEITÁVEL | C29: m | D29: 4.19
A30: ED-48446 | B30: REMOÇÃO MANUAL DE CONDUTOR EM PVC OU METÁLICO, COM REAPROVEITAMENTO, INCLUSIVE AFASTAMENTO E EMPILHAMENTO, EXCLUSIVE TRANSPORTE E RETIRADA DO MATERIAL REMOVIDO NÃO REAPROVEITÁVEL | C30: m | D30: 5.03
A31: ED-48455 | B31: REMOÇÃO MANUAL DE ENGRADAMENTO PARA TELHA TIPO CALHA ESTRUTURAL EM FIBROCIMENTO, COM REAPROVEITAMENTO, INCLUSIVE AFASTAMENTO E EMPILHAMENTO, EXCLUSIVE TRANSPORTE E RETIRADA DO MATERIAL REMOVIDO NÃO REAPROVEITÁVEL | C31: m2 | D31: 10.01
A32: ED-48457 | B32: REMOÇÃO MANUAL DE ENGRADAMENTO PARA TELHA TIPO CERÂMICA OU CONCRETO, INCLUSIVE AFASTAMENTO E EMPILHAMENTO, EXCLUSIVE TRANSPORTE E RETIRADA DO MATERIAL REMOVIDO NÃO REAPROVEITÁVEL | C32: m2 | D32: 20.02
A33: ED-48454 | B33: REMOÇÃO MANUAL DE ENGRADAMENTO PARA TELHA TIPO METÁLICA, PVC OU FIBROCIMENTO, COM REAPROVEITAMENTO, INCLUSIVE AFASTAMENTO E EMPILHAMENTO, EXCLUSIVE TRANSPORTE E RETIRADA DO MATERIAL REMOVIDO NÃO REAPROVEITÁVEL | C33: m2 | D33: 13.35
A34: ED-48506 | B34: REMOÇÃO MANUAL DE RUFO METÁLICO, COM REAPROVEITAMENTO, INCLUSIVE AFASTAMENTO E EMPILHAMENTO, EXCLUSIVE TRANSPORTE E RETIRADA DO MATERIAL REMOVIDO NÃO REAPROVEITÁVEL | C34: m | D34: 6.16
A35: ED-48512 | B35: REMOÇÃO MANUAL DE TELHA EM FIBROCIMENTO, TIPO ONDULADA, COM REAPROVEITAMENTO, INCLUSIVE AFASTAMENTO E EMPILHAMENTO, EXCLUSIVE TRANSPORTE E RETIRADA DO MATERIAL REMOVIDO NÃO REAPROVEITÁVEL | C35: m2 | D35: 11.44
A36: ED-48514 | B36: REMOÇÃO MANUAL DE TELHA CERÂMICA, COM REAPROVEITAMENTO, INCLUSIVE AFASTAMENTO E EMPILHAMENTO, EXCLUSIVE TRANSPORTE E RETIRADA DO MATERIAL REMOVIDO NÃO REAPROVEITÁVEL | C36: m2 | D36: 21.75
A37: ED-48510 | B37: REMOÇÃO MANUAL DE TELHA EM FIBROCIMENTO, TIPO CALHA ESTRUTURAL, COM REAPROVEITAMENTO, INCLUSIVE IÇAMENTO, AFASTAMENTO E EMPILHAMENTO, EXCLUSIVE TRANSPORTE E RETIRADA DO MATERIAL REMOVIDO NÃO REAPROVEITÁVEL | C37: m2 | D37: 22.75
A38: ED-48509 | B38: REMOÇÃO MANUAL DE TELHA METÁLICA OU PVC, COM REAPROVEITAMENTO, INCLUSIVE AFASTAMENTO E EMPILHAMENTO, EXCLUSIVE TRANSPORTE E RETIRADA DO MATERIAL REMOVIDO NÃO REAPROVEITÁVEL | C38: m2 | D38: 8.01
A39: 8707 | B39: DEMOLIÇÃO E REMOÇÃO DE INSTALAÇÃO
A40: ED-48500 | B40: DEMOLIÇÃO MANUAL DE TUBULAÇÕES EMBUTIDAS DE REDE (ÁGUA, ELÉTRICA, GASES, ETC.), INCLUSIVE RASGO EM ALVENARIA, REMOÇÃO DE ACESSÓRIOS DE FIXAÇÃO, AFASTAMENTO E EMPILHAMENTO, EXCLUSIVE TRANSPORTE E RETIRADA DO MATERIAL DEMOLIDO | C40: m | D40: 7.54
A41: ED-48466 | B41: REMOÇÃO MANUAL DE INTERFONE, COM REAPROVEITAMENTO, INCLUSIVE AFASTAMENTO E EMPILHAMENTO, EXCLUSIVE TRANSPORTE E RETIRADA DO MATERIAL REMOVIDO NÃO REAPROVEITÁVEL | C41: un | D41: 39.24
A42: ED-48468 | B42: REMOÇÃO MANUAL DE LUMINÁRIA COMERCIAL, EMBUTIDA OU SOBREPOR, COM REAPROVEITAMENTO, INCLUSIVE AFASTAMENTO E EMPILHAMENTO, EXCLUSIVE TRANSPORTE E RETIRADA DO MATERIAL REMOVIDO NÃO REAPROVEITÁVEL | C42: un | D42: 9.44
A43: ED-48469 | B43: REMOÇÃO MANUAL DE LUMINÁRIA COMPACTA (PLAFON, PAINEL LED, ETC.) EMBUTIDA OU SOBREPOR, COM REAPROVEITAMENTO, INCLUSIVE AFASTAMENTO E EMPILHAMENTO, EXCLUSIVE TRANSPORTE E RETIRADA DO MATERIAL REMOVIDO NÃO REAPROVEITÁVEL | C43: un | D43: 5.5
A44: ED-48499 | B44: REMOÇÃO MANUAL DE REDES DE DUTOS PARA CLIMATIZAÇÃO, INCLUSIVE AFASTAMENTO E EMPILHAMENTO, EXCLUSIVE TRANSPORTE E RETIRADA DO MATERIAL REMOVIDO NÃO REAPROVEITÁVEL | C44: m | D44: 8.38
A45: ED-48515 | B45: REMOÇÃO MANUAL DE TUBULAÇÕES EMBUTIDAS DE REDE (ÁGUA, ELÉTRICA, GASES, ETC.), COM REAPROVEITAMENTO, INCLUSIVE RASGO EM ALVENARIA, REMOÇÃO DE ACESSÓRIOS DE FIXAÇÃO, AFASTAMENTO E EMPILHAMENTO, EXCLUSIVE TRANSPORTE E RETIRADA DO MATERIAL REMOVIDO NÃO REAPROVEITÁVEL | C45: m | D45: 10.85
A46: 8708 | B46: DEMOLIÇÃO DE FORRO
A47: ED-48463 | B47: DEMOLIÇÃO MANUAL DE FORRO DE CHAPA OU PLACA DE GESSO, INCLUSIVE DEMOLIÇÃO DA ESTRUTURA DE SUSTENTAÇÃO, AFASTAMENTO E EMPILHAMENTO, EXCLUSIVE TRANSPORTE E RETIRADA DO MATERIAL DEMOLIDO | C47: m2 | D47: 4.9
A48: 8709 | B48: REMOÇÃO DE FORRO
A49: ED-48460 | B49: REMOÇÃO MANUAL DE FORRO DE PLACAS (GESSO, MINERAL, FIBRA, ISOPOR, COLMEIA, PVC, ETC.), COM REAPROVEITAMENTO, INCLUSIVE AFASTAMENTO E EMPILHAMENTO, EXCLUSIVE DEMOLIÇÃO DA ESTRUTURA DE SUSTENTAÇÃO, TRANSPORTE E RETIRADA DO MATERIAL REMOVIDO NÃO REAPROVEITÁVEL | C49: m2 | D49: 1.88
A50: ED-48459 | B50: REMOÇÃO MANUAL DE FORRO DE PLACAS (GESSO, MINERAL, FIBRA, ISOPOR, COLMEIA, PVC, ETC.), COM REAPROVEITAMENTO, INCLUSIVE DEMOLIÇÃO ESTRUTURA DE SUSTENTAÇÃO, AFASTAMENTO E EMPILHAMENTO, EXCLUSIVE TRANSPORTE E RETIRADA DO MATERIAL REMOVIDO NÃO REAPROVEITÁVEL | C50: m2 | D50: 5.65
A51: ED-48464 | B51: REMOÇÃO MANUAL DE FORRO DE TÁBUAS DE PINHO, COM REAPROVEITAMENTO, INCLUSIVE AFASTAMENTO E EMPILHAMENTO, EXCLUSIVE REMOÇÃO DA ESTRUTURA DE SUSTENTAÇÃO, TRANSPORTE E RETIRADA DO MATERIAL REMOVIDO NÃO REAPROVEITÁVEL | C51: m2 | D51: 8.78
A52: ED-28355 | B52: REMOÇÃO MANUAL ESTRUTURA OU TRAMA DE SUSTENTAÇÃO DE MADEIRA OU METÁLICA PARA FORRO, COM REAPROVEITAMENTO, INCLUSIVE AFASTAMENTO E EMPILHAMENTO, EXCLUSIVE TRANSPORTE E RETIRADA DO MATERIAL REMOVIDO NÃO REAPROVEITÁVEL | C52: m2 | D52: 3.77
A53: 8710 | B53: REMOÇÃO DE ESQUADRIA
A54: ED-48496 | B54: REMOÇÃO MANUAL DE CONJUNTO DE ALIZARES, COM REAPROVEITAMENTO, INCLUSIVE AFASTAMENTO E EMPILHAMENTO, EXCLUSIVE TRANSPORTE E RETIRADA DO MATERIAL REMOVIDO NÃO REAPROVEITÁVEL | C54: cj | D54: 3.12
A55: ED-48458 | B55: REMOÇÃO MANUAL DE CONJUNTO DE FERRAGENS (DOBRADIÇAS, FECHADURA E MAÇANETAS), COM REAPROVEITAMENTO, INCLUSIVE AFASTAMENTO E EMPILHAMENTO, EXCLUSIVE TRANSPORTE E RETIRADA DO MATERIAL REMOVIDO NÃO REAPROVEITÁVEL | C55: un | D55: 18.89
A56: ED-48493 | B56: REMOÇÃO MANUAL DE ESQUADRIA EM MADEIRA, COM REAPROVEITAMENTO, INCLUSIVE REMOÇÃO DE MARCO/ALIZAR/GUARNIÇÕES, AFASTAMENTO E EMPILHAMENTO, EXCLUSIVE TRANSPORTE E RETIRADA DO MATERIAL REMOVIDO NÃO REAPROVEITÁVEL | C56: m2 | D56: 12.06
A57: ED-48497 | B57: REMOÇÃO MANUAL DE ESQUADRIA METÁLICA, COM REAPROVEITAMENTO, INCLUSIVE MARCO/ALIZAR/GUARNIÇÕES, AFASTAMENTO E EMPILHAMENTO, EXCLUSIVE TRANSPORTE E RETIRADA DO MATERIAL REMOVIDO NÃO REAPROVEITÁVEL | C57: m2 | D57: 16.75
A58: ED-48494 | B58: REMOÇÃO MANUAL DE FOLHA DE PORTA OU JANELA DE MADEIRA OU METÁLICA, COM REAPROVEITAMENTO, INCLUSIVE AFASTAMENTO E EMPILHAMENTO, EXCLUSIVE TRANSPORTE E RETIRADA DO MATERIAL REMOVIDO NÃO REAPROVEITÁVEL | C58: m2 | D58: 8.15
A59: ED-48495 | B59: REMOÇÃO MANUAL DE MARCO EM MADEIRA OU METÁLICO, COM REAPROVEITAMENTO, INCLUSIVE AFASTAMENTO E EMPILHAMENTO, EXCLUSIVE TRANSPORTE E RETIRADA DO MATERIAL REMOVIDO NÃO REAPROVEITÁVEL | C59: un | D59: 16
A60: 8711 | B60: DEMOLIÇÃO DE IMPERMEABILIZAÇÃO
A61: ED-48465 | B61: DEMOLIÇÃO MANUAL DE IMPERMEABILIZAÇÃO E PROTEÇÃO MECÂNICA, INCLUSIVE AFASTAMENTO E EMPILHAMENTO, EXCLUSIVE TRANSPORTE E RETIRADA DO MATERIAL DEMOLIDO | C61: m2 | D61: 24.69
A62: 8712 | B62: REMOÇÃO DE LOUÇA E ACESSÓRIOS
A63: ED-48467 | B63: REMOÇÃO DE LOUÇAS (LAVATÓRIO, BANHEIRA, PIA, VASO SANITÁRIO, TANQUE), COM REAPROVEITAMENTO, INCLUSIVE AFASTAMENTO E EMPILHAMENTO, EXCLUSIVE TRANSPORTE E RETIRADA DO MATERIAL REMOVIDO NÃO REAPROVEITÁVEL | C63: un | D63: 38.25
A64: ED-48470 | B64: REMOÇÃO MANUAL DE METAIS COMUNS E ACABAMENTOS (TORNEIRA, ACABAMENTO PARA REGISTRO, SIFÃO, ENGATE FLEXÍVEL, ETC.), COM REAPROVEITAMENTO, INCLUSIVE AFASTAMENTO E EMPILHAMENTO, EXCLUSIVE TRANSPORTE E RETIRADA DO MATERIAL REMOVIDO NÃO REAPROVEITÁVEL | C64: un | D64: 5.71
A65: ED-48471 | B65: REMOÇÃO MANUAL DE METAIS EMBUTIDOS (BASE DE REGISTRO, VÁLVULA DE DESCARGA, TORNEIRA ANTIVANDALISMO, ETC.), COM REAPROVEITAMENTO, INCLUSIVE AFASTAMENTO E EMPILHAMENTO, EXCLUSIVE TRANSPORTE E RETIRADA DO MATERIAL REMOVIDO NÃO REAPROVEITÁVEL | C65: un | D65: 18.29
A66: 8713 | B66: DEMOLIÇÃO E REMOÇÃO DE DIVISÓRIA E BANCADA
A67: ED-48452 | B67: DEMOLIÇÃO MANUAL DE ALVENARIA/DIVISÓRIA DE ELEMENTOS VAZADOS (COBOGÓ, ETC. ), INCLUSIVE AFASTAMENTO E EMPILHAMENTO, EXCLUSIVE TRANSPORTE E RETIRADA DO MATERIAL DEMOLIDO | C67: m2 | D67: 15.87
A68: ED-48453 | B68: DEMOLIÇÃO MANUAL DE DIVISÓRIA COMERCIAL EM LAMINADO, INCLUSIVE AFASTAMENTO E EMPILHAMENTO, EXCLUSIVE TRANSPORTE E RETIRADA DO MATERIAL DEMOLIDO | C68: m2 | D68: 6.35
A69: ED-8024 | B69: DEMOLIÇÃO MANUAL DE DIVISÓRIA DE MADEIRA, INCLUSIVE AFASTAMENTO E EMPILHAMENTO, EXCLUSIVE TRANSPORTE E RETIRADA DO MATERIAL DEMOLIDO | C69: m2 | D69: 9.66
A70: ED-48437 | B70: REMOÇÃO MANUAL DE BANCADA DE PEDRA (MÁRMORE, GRANITO, ARDÓSIA, MARMORITE, ETC.), COM REAPROVEITAMENTO, INCLUSIVE RASGO EM ALVENARIA, REMOÇÃO DE ACESSÓRIOS DE FIXAÇÃO, AFASTAMENTO E EMPILHAMENTO, EXCLUSIVE TRANSPORTE E RETIRADA DO MATERIAL REMOVIDO NÃO REAPROVEITÁVEL | C70: m2 | D70: 47.73
A71: ED-28348 | B71: REMOÇÃO MANUAL DE DIVISÓRIA EM PEDRA (MÁRMORE, GRANITO, ARDÓSIA, MARMORITE, ETC.), COM REAPROVEITAMENTO, INCLUSIVE RASGO EM ALVENARIA, REMOÇÃO DE ACESSÓRIOS DE FIXAÇÃO, AFASTAMENTO E EMPILHAMENTO, EXCLUSIVE TRANSPORTE E RETIRADA DO MATERIAL REMOVIDO NÃO REAPROVEITÁVEL | C71: m2 | D71: 39.81
A72: 8714 | B72: DEMOLIÇÃO DE ALVENARIA
A73: ED-48436 | B73: DEMOLIÇÃO MANUAL DE ALVENARIA DE TIJOLO CERÂMICO MACIÇO, INCLUSIVE AFASTAMENTO E EMPILHAMENTO, EXCLUSIVE TRANSPORTE E RETIRADA DO MATERIAL DEMOLIDO | C73: m3 | D73: 137.05
A74: ED-48435 | B74: DEMOLIÇÃO MANUAL DE ALVENARIA DE TIJOLO CERÂMICO OU BLOCO DE CONCRETO, INCLUSIVE AFASTAMENTO E EMPILHAMENTO, EXCLUSIVE TRANSPORTE E RETIRADA DO MATERIAL DEMOLIDO | C74: m3 | D74: 94.22
A75: ED-28338 | B75: DEMOLIÇÃO MANUAL DE CONSTRUÇÃO EM ALVENARIAS DE VEDAÇÃO, COM ESPESSURA MÁXIMA DE 15CM, INCLUSIVE REMOÇÃO COM REAPROVEITAMENTO DE ESQUADRIAS, AFASTAMENTO E EMPILHAMENTO, EXCLUSIVE TRANSPORTE E RETIRADA DO MATERIAL DEMOLIDO/REMOVIDO NÃO REAPROVEITÁVEL | C75: m2 | D75: 14.94
A76: 8715 | B76: DEMOLIÇÃO DE CONCRETO
A77: ED-48441 | B77: DEMOLIÇÃO MANUAL DE CONCRETO ARMADO, INCLUSIVE AFASTAMENTO E EMPILHAMENTO, EXCLUSIVE TRANSPORTE E RETIRADA DO MATERIAL DEMOLIDO | C77: m3 | D77: 430.72
A78: ED-48440 | B78: DEMOLIÇÃO MANUAL DE CONCRETO, SEM ARMAÇÃO, INCLUSIVE AFASTAMENTO E EMPILHAMENTO, EXCLUSIVE TRANSPORTE E RETIRADA DO MATERIAL DEMOLIDO | C78: m3 | D78: 261.04
A79: ED-48443 | B79: DEMOLIÇÃO MECANIZADA DE CONCRETO ARMADO, COM EQUIPAMENTO ELÉTRICO, INCLUSIVE AFASTAMENTO E EMPILHAMENTO, EXCLUSIVE TRANSPORTE E RETIRADA DO MATERIAL DEMOLIDO | C79: m3 | D79: 226.76
A80: ED-48445 | B80: DEMOLIÇÃO MECANIZADA DE CONCRETO ARMADO, COM EQUIPAMENTO PNEUMÁTICO, INCLUSIVE AFASTAMENTO E EMPILHAMENTO, EXCLUSIVE TRANSPORTE E RETIRADA DO MATERIAL DEMOLIDO | C80: m3 | D80: 337.02
A81: ED-48442 | B81: DEMOLIÇÃO MECANIZADA DE CONCRETO, SEM ARMAÇÃO, COM EQUIPAMENTO ELÉTRICO, INCLUSIVE AFASTAMENTO E EMPILHAMENTO, EXCLUSIVE TRANSPORTE E RETIRADA DO MATERIAL DEMOLIDO | C81: m3 | D81: 139.71
A82: ED-48444 | B82: DEMOLIÇÃO MECANIZADA DE CONCRETO, SEM ARMAÇÃO, COM EQUIPAMENTO PNEUMÁTICO, INCLUSIVE AFASTAMENTO E EMPILHAMENTO, EXCLUSIVE TRANSPORTE E RETIRADA DO MATERIAL DEMOLIDO | C82: m3 | D82: 206.53
A83: 8716 | B83: REMOÇÃO DE PADRÃO CONCESSIONÁRIA
A84: ED-48475 | B84: REMOÇÃO MANUAL DE PADRÃO DE ENTRADA DE ÁGUA, COM REAPROVEITAMENTO, INCLUSIVE AFASTAMENTO E EMPILHAMENTO, EXCLUSIVE TRANSPORTE E RETIRADA DO MATERIAL REMOVIDO NÃO REAPROVEITÁVEL | C84: un | D84: 87.43
A85: ED-48474 | B85: REMOÇÃO MANUAL DE PADRÃO DE ENTRADA DE ENERGIA, COM REAPROVEITAMENTO, INCLUSIVE AFASTAMENTO E EMPILHAMENTO, EXCLUSIVE TRANSPORTE E RETIRADA DO MATERIAL REMOVIDO NÃO REAPROVEITÁVEL | C85: un | D85: 220.2
A86: 8717 | B86: DEMOLIÇÃO E REMOÇÃO DE PAVIMENTAÇÃO
A87: ED-48487 | B87: DEMOLIÇÃO MANUAL DE LAJE DE CONCRETO ARMADO, COM ESPESSURA DE ATÉ 15CM, INCLUSIVE AFASTAMENTO E EMPILHAMENTO, EXCLUSIVE TRANSPORTE E RETIRADA DO MATERIAL DEMOLIDO | C87: m2 | D87: 37.69
A88: ED-48507 | B88: DEMOLIÇÃO MANUAL DE SARJETA OU SARJETÃO DE CONCRETO, INCLUSIVE AFASTAMENTO E EMPILHAMENTO, EXCLUSIVE TRANSPORTE E RETIRADA DO MATERIAL DEMOLIDO | C88: m2 | D88: 9.42
A89: ED-48489 | B89: DEMOLIÇÃO MECANIZADA DE LAJE DE CONCRETO ARMADO, COM ESPESSURA DE ATÉ 15CM, , COM EQUIPAMENTO ELÉTRICO, INCLUSIVE AFASTAMENTO E EMPILHAMENTO, EXCLUSIVE TRANSPORTE E RETIRADA DO MATERIAL DEMOLIDO | C89: m2 | D89: 20.6
A90: ED-48486 | B90: DEMOLIÇÃO MECANIZADA DE LAJE DE CONCRETO ARMADO, COM ESPESSURA DE ATÉ 15CM, , COM EQUIPAMENTO PNEUMÁTICO, INCLUSIVE AFASTAMENTO E EMPILHAMENTO, EXCLUSIVE TRANSPORTE E RETIRADA DO MATERIAL DEMOLIDO | C90: m2 | D90: 30.02
A91: ED-48492 | B91: DEMOLIÇÃO MECANIZADA DE REVESTIMENTO ASFÁLTICO, COM EQUIPAMENTO PNEUMÁTICO, INCLUSIVE AFASTAMENTO E EMPILHAMENTO, EXCLUSIVE TRANSPORTE E RETIRADA DO MATERIAL DEMOLIDO | C91: m2 | D91: 9.94
A92: ED-48490 | B92: REMOÇÃO MANUAL DE ALVENARIA POLIÉDRICA, COM REAPROVEITAMENTO, INCLUSIVE AFASTAMENTO E EMPILHAMENTO, EXCLUSIVE TRANSPORTE E RETIRADA DO MATERIAL REMOVIDO NÃO REAPROVEITÁVEL | C92: m2 | D92: 12.85
A93: ED-48488 | B93: REMOÇÃO MANUAL DE CALÇADA PORTUGUESA, COM REAPROVEITAMENTO, INCLUSIVE AFASTAMENTO E EMPILHAMENTO, EXCLUSIVE TRANSPORTE E RETIRADA DO MATERIAL REMOVIDO NÃO REAPROVEITÁVEL | C93: m2 | D93: 7.77
A94: ED-48473 | B94: REMOÇÃO MANUAL DE GUIA DE MEIO-FIO EM PEDRA (GNAISSE, BASALTO, ETC.), COM REAPROVEITAMENTO, INCLUSIVE AFASTAMENTO E EMPILHAMENTO, EXCLUSIVE TRANSPORTE E RETIRADA DO MATERIAL REMOVIDO NÃO REAPROVEITÁVEL | C94: m | D94: 18.84
A95: ED-48472 | B95: REMOÇÃO MANUAL DE GUIA DE MEIO-FIO PRÉ-MOLDADA EM CONCRETO, COM REAPROVEITAMENTO, INCLUSIVE AFASTAMENTO E EMPILHAMENTO, EXCLUSIVE TRANSPORTE E RETIRADA DO MATERIAL REMOVIDO NÃO REAPROVEITÁVEL | C95: m | D95: 10.05
A96: ED-48476 | B96: REMOÇÃO MANUAL DE PAVIMENTAÇÃO INTERTRAVADA OU SEXTAVADO EM PRÉ-MOLDADO DE CONCRETO, COM REAPROVEITAMENTO, INCLUSIVE AFASTAMENTO E EMPILHAMENTO, EXCLUSIVE TRANSPORTE E RETIRADA DO MATERIAL REMOVIDO NÃO REAPROVEITÁVEL | C96: m2 | D96: 12.85
A97: ED-48491 | B97: REMOÇÃO MANUAL DE PAVIMENTO PARALELEPÍPEDO, COM REAPROVEITAMENTO, INCLUSIVE AFASTAMENTO E EMPILHAMENTO, EXCLUSIVE TRANSPORTE E RETIRADA DO MATERIAL REMOVIDO NÃO REAPROVEITÁVEL | C97: m2 | D97: 14.39
A98: 8718 | B98: DEMOLIÇÃO E REMOÇÃO DE REVESTIMENTO
A99: ED-48504 | B99: DEMOLIÇÃO MANUAL DE LAMINADO MELAMÍNICO EM SUPERFÍCIE DE MADEIRA OU PAREDE, INCLUSIVE AFASTAMENTO E EMPILHAMENTO, EXCLUSIVE TRANSPORTE E RETIRADA DO MATERIAL DEMOLIDO | C99: m2 | D99: 9.42
A100: ED-48501 | B100: DEMOLIÇÃO MANUAL DE REBOCO OU EMBOÇO, COM ESPESSURA DE ATÉ 55MM, INCLUSIVE AFASTAMENTO E EMPILHAMENTO, EXCLUSIVE TRANSPORTE E RETIRADA DO MATERIAL DEMOLIDO | C100: m2 | D100: 8.89
A101: ED-48502 | B101: DEMOLIÇÃO MANUAL DE REVESTIMENTO CERÂMICO, AZULEJO OU LADRILHO HIDRÁULICO, INCLUSIVE AFASTAMENTO E EMPILHAMENTO, EXCLUSIVE DEMOLIÇÃO DO REBOCO OU EMBOÇO, TRANSPORTE E RETIRADA DO MATERIAL DEMOLIDO | C101: m2 | D101: 18.52
A102: ED-48503 | B102: DEMOLIÇÃO MANUAL DE REVESTIMENTO DE PEDRA (MÁRMORE, GRANITO, ARDÓSIA, ETC.), INCLUSIVE AFASTAMENTO E EMPILHAMENTO, EXCLUSIVE DEMOLIÇÃO DO REBOCO OU EMBOÇO, TRANSPORTE E RETIRADA DO MATERIAL DEMOLIDO | C102: m2 | D102: 22.22
...

Sheet SINAPI 04-24 DES
A1: CODIGO DA COMPOSICAO | B1: DESCRICAO DA COMPOSICAO | C1: UNIDADE | D1: CUSTO TOTAL
A3: 97141 | B3: ASSENTAMENTO DE TUBO DE FERRO FUNDIDO PARA REDE DE ÁGUA, DN 80 MM, JUNTA ELÁSTICA, INSTALADO EM LOCAL COM NÍVEL ALTO DE INTERFERÊNCIAS (NÃO INCLUI FORNECIMENTO). AF_11/2017 | C3: M | D3: 8.03
A4: 97142 | B4: ASSENTAMENTO DE TUBO DE FERRO FUNDIDO PARA REDE DE ÁGUA, DN 100 MM, JUNTA ELÁSTICA, INSTALADO EM LOCAL COM NÍVEL ALTO DE INTERFERÊNCIAS (NÃO INCLUI FORNECIMENTO). AF_11/2017 | C4: M | D4: 8.9
A5: 97143 | B5: ASSENTAMENTO DE TUBO DE FERRO FUNDIDO PARA REDE DE ÁGUA, DN 150 MM, JUNTA ELÁSTICA, INSTALADO EM LOCAL COM NÍVEL ALTO DE INTERFERÊNCIAS (NÃO INCLUI FORNECIMENTO). AF_11/2017 | C5: M | D5: 11.08
A6: 97144 | B6: ASSENTAMENTO DE TUBO DE FERRO FUNDIDO PARA REDE DE ÁGUA, DN 200 MM, JUNTA ELÁSTICA, INSTALADO EM LOCAL COM NÍVEL ALTO DE INTERFERÊNCIAS (NÃO INCLUI FORNECIMENTO). AF_11/2017 | C6: M | D6: 13.24
A7: 97145 | B7: ASSENTAMENTO DE TUBO DE FERRO FUNDIDO PARA REDE DE ÁGUA, DN 250 MM, JUNTA ELÁSTICA, INSTALADO EM LOCAL COM NÍVEL ALTO DE INTERFERÊNCIAS (NÃO INCLUI FORNECIMENTO). AF_11/2017 | C7: M | D7: 15.44
A8: 97146 | B8: ASSENTAMENTO DE TUBO DE FERRO FUNDIDO PARA REDE DE ÁGUA, DN 300 MM, JUNTA ELÁSTICA, INSTALADO EM LOCAL COM NÍVEL ALTO DE INTERFERÊNCIAS (NÃO INCLUI FORNECIMENTO). AF_11/2017 | C8: M | D8: 17.61
A9: 97147 | B9: ASSENTAMENTO DE TUBO DE FERRO FUNDIDO PARA REDE DE ÁGUA, DN 350 MM, JUNTA ELÁSTICA, INSTALADO EM LOCAL COM NÍVEL ALTO DE INTERFERÊNCIAS (NÃO INCLUI FORNECIMENTO). AF_11/2017 | C9: M | D9: 19.82
A10: 97148 | B10: ASSENTAMENTO DE TUBO DE FERRO FUNDIDO PARA REDE DE ÁGUA, DN 400 MM, JUNTA ELÁSTICA, INSTALADO EM LOCAL COM NÍVEL ALTO DE INTERFERÊNCIAS (NÃO INCLUI FORNECIMENTO). AF_11/2017 | C10: M | D10: 22.02
A11: 97149 | B11: ASSENTAMENTO DE TUBO DE FERRO FUNDIDO PARA REDE DE ÁGUA, DN 450 MM, JUNTA ELÁSTICA, INSTALADO EM LOCAL COM NÍVEL ALTO DE INTERFERÊNCIAS (NÃO INCLUI FORNECIMENTO). AF_11/2017 | C11: M | D11: 24.23
A12: 97150 | B12: ASSENTAMENTO DE TUBO DE FERRO FUNDIDO PARA REDE DE ÁGUA, DN 500 MM, JUNTA ELÁSTICA, INSTALADO EM LOCAL COM NÍVEL ALTO DE INTERFERÊNCIAS (NÃO INCLUI FORNECIMENTO). AF_11/2017 | C12: M | D12: 30.86
A13: 97151 | B13: ASSENTAMENTO DE TUBO DE FERRO FUNDIDO PARA REDE DE ÁGUA, DN 600 MM, JUNTA ELÁSTICA, INSTALADO EM LOCAL COM NÍVEL ALTO DE INTERFERÊNCIAS (NÃO INCLUI FORNECIMENTO). AF_11/2017 | C13: M | D13: 35.92
A14: 97152 | B14: ASSENTAMENTO DE TUBO DE FERRO FUNDIDO PARA REDE DE ÁGUA, DN 700 MM, JUNTA ELÁSTICA, INSTALADO EM LOCAL COM NÍVEL ALTO DE INTERFERÊNCIAS (NÃO INCLUI FORNECIMENTO). AF_11/2017 | C14: M | D14: 40.76
... A7539: 101460 | B7539: VIGIA DIURNO COM ENCARGOS COMPLEMENTARES | C7539: MES | D7539: 3776.46
A7540: CODIGO | B7540: DESCRICAO DO INSUMO | C7540: UNIDADE DE MEDIDA | D7540: PRECO MEDIANO R$
A7541: 38605 | B7541: ABERTURA PARA ENCAIXE DE CUBA OU LAVATORIO EM BANCADA DE MARMORE/ GRANITO OU OUTRO TIPO DE PEDRA NATURAL | C7541: UN | D7541: 115.31
A7542: 11270 | B7542: ABRACADEIRA DE LATAO PARA FIXACAO DE CABO PARA-RAIO, DIMENSOES 32 X 24 X 24 MM | C7542: UN | D7542: 3.54
A7543: 412 | B7543: ABRACADEIRA DE NYLON PARA AMARRACAO DE CABOS, COMPRIMENTO DE *230* X *7,6* MM | C7543: UN | D7543: 0.97
A7544: 414 | B7544: ABRACADEIRA DE NYLON PARA AMARRACAO DE CABOS, COMPRIMENTO DE 100 X 2,5 MM | C7544: UN | D7544: 0.06
A7545: 410 | B7545: ABRACADEIRA DE NYLON PARA AMARRACAO DE CABOS, COMPRIMENTO DE 150 X *3,6* MM | C7545: UN | D7545: 0.15
A7546: 411 | B7546: ABRACADEIRA DE NYLON PARA AMARRACAO DE CABOS, COMPRIMENTO DE 200 X *4,6* MM | C7546: UN | D7546: 0.19
A7547: 408 | B7547: ABRACADEIRA DE NYLON PARA AMARRACAO DE CABOS, COMPRIMENTO DE 390 X *4,6* MM | C7547: UN | D7547: 0.94
A7548: 39131 | B7548: ABRACADEIRA EM ACO PARA AMARRACAO DE ELETRODUTOS, TIPO D, COM 1 1/2" E CUNHA DE FIXACAO | C7548: UN | D7548: 3.2
A7549: 394 | B7549: ABRACADEIRA EM ACO PARA AMARRACAO DE ELETRODUTOS, TIPO D, COM 1 1/2" E PARAFUSO DE FIXACAO | C7549: UN | D7549: 3.24
A7550: 39130 | B7550: ABRACADEIRA EM ACO PARA AMARRACAO DE ELETRODUTOS, TIPO D, COM 1 1/4" E CUNHA DE FIXACAO | C7550: UN | D7550: 2.92
A7551: 395 | B7551: ABRACADEIRA EM ACO PARA AMARRACAO DE ELETRODUTOS, TIPO D, COM 1 1/4" E PARAFUSO DE FIXACAO | C7551: UN | D7551: 3.12
A7552: 39127 | B7552: ABRACADEIRA EM ACO PARA AMARRACAO DE ELETRODUTOS, TIPO D, COM 1/2" E CUNHA DE FIXACAO | C7552: UN | D7552: 1.53
... A12387: 41096 | B12387: VIGIA DIURNO (MENSALISTA) | C12387: MES | D12387: 2655.76

Sheet SINAPI 04-24 Ñ DES
A1: CODIGO DA COMPOSICAO | B1: DESCRICAO DA COMPOSICAO | C1: UNIDADE | D1: CUSTO TOTAL
A3: 97141 | B3: ASSENTAMENTO DE TUBO DE FERRO FUNDIDO PARA REDE DE ÁGUA, DN 80 MM, JUNTA ELÁSTICA, INSTALADO EM LOCAL COM NÍVEL ALTO DE INTERFERÊNCIAS (NÃO INCLUI FORNECIMENTO). AF_11/2017 | C3: M | D3: 8.64
A4: 97142 | B4: ASSENTAMENTO DE TUBO DE FERRO FUNDIDO PARA REDE DE ÁGUA, DN 100 MM, JUNTA ELÁSTICA, INSTALADO EM LOCAL COM NÍVEL ALTO DE INTERFERÊNCIAS (NÃO INCLUI FORNECIMENTO). AF_11/2017 | C4: M | D4: 9.58
A5: 97143 | B5: ASSENTAMENTO DE TUBO DE FERRO FUNDIDO PARA REDE DE ÁGUA, DN 150 MM, JUNTA ELÁSTICA, INSTALADO EM LOCAL COM NÍVEL ALTO DE INTERFERÊNCIAS (NÃO INCLUI FORNECIMENTO). AF_11/2017 | C5: M | D5: 11.94
A6: 97144 | B6: ASSENTAMENTO DE TUBO DE FERRO FUNDIDO PARA REDE DE ÁGUA, DN 200 MM, JUNTA ELÁSTICA, INSTALADO EM LOCAL COM NÍVEL ALTO DE INTERFERÊNCIAS (NÃO INCLUI FORNECIMENTO). AF_11/2017 | C6: M | D6: 14.3
A7: 97145 | B7: ASSENTAMENTO DE TUBO DE FERRO FUNDIDO PARA REDE DE ÁGUA, DN 250 MM, JUNTA ELÁSTICA, INSTALADO EM LOCAL COM NÍVEL ALTO DE INTERFERÊNCIAS (NÃO INCLUI FORNECIMENTO). AF_11/2017 | C7: M | D7: 16.67
A8: 97146 | B8: ASSENTAMENTO DE TUBO DE FERRO FUNDIDO PARA REDE DE ÁGUA, DN 300 MM, JUNTA ELÁSTICA, INSTALADO EM LOCAL COM NÍVEL ALTO DE INTERFERÊNCIAS (NÃO INCLUI FORNECIMENTO). AF_11/2017 | C8: M | D8: 19.05
A9: 97147 | B9: ASSENTAMENTO DE TUBO DE FERRO FUNDIDO PARA REDE DE ÁGUA, DN 350 MM, JUNTA ELÁSTICA, INSTALADO EM LOCAL COM NÍVEL ALTO DE INTERFERÊNCIAS (NÃO INCLUI FORNECIMENTO). AF_11/2017 | C9: M | D9: 21.44
A10: 97148 | B10: ASSENTAMENTO DE TUBO DE FERRO FUNDIDO PARA REDE DE ÁGUA, DN 400 MM, JUNTA ELÁSTICA, INSTALADO EM LOCAL COM NÍVEL ALTO DE INTERFERÊNCIAS (NÃO INCLUI FORNECIMENTO). AF_11/2017 | C10: M | D10: 23.81
A11: 97149 | B11: ASSENTAMENTO DE TUBO DE FERRO FUNDIDO PARA REDE DE ÁGUA, DN 450 MM, JUNTA ELÁSTICA, INSTALADO EM LOCAL COM NÍVEL ALTO DE INTERFERÊNCIAS (NÃO INCLUI FORNECIMENTO). AF_11/2017 | C11: M | D11: 26.23
A12: 97150 | B12: ASSENTAMENTO DE TUBO DE FERRO FUNDIDO PARA REDE DE ÁGUA, DN 500 MM, JUNTA ELÁSTICA, INSTALADO EM LOCAL COM NÍVEL ALTO DE INTERFERÊNCIAS (NÃO INCLUI FORNECIMENTO). AF_11/2017 | C12: M | D12: 33.04
A13: 97151 | B13: ASSENTAMENTO DE TUBO DE FERRO FUNDIDO PARA REDE DE ÁGUA, DN 600 MM, JUNTA ELÁSTICA, INSTALADO EM LOCAL COM NÍVEL ALTO DE INTERFERÊNCIAS (NÃO INCLUI FORNECIMENTO). AF_11/2017 | C13: M | D13: 38.48
A14: 97152 | B14: ASSENTAMENTO DE TUBO DE FERRO FUNDIDO PARA REDE DE ÁGUA, DN 700 MM, JUNTA ELÁSTICA, INSTALADO EM LOCAL COM NÍVEL ALTO DE INTERFERÊNCIAS (NÃO INCLUI FORNECIMENTO). AF_11/2017 | C14: M | D14: 43.68
... A7539: 101460 | B7539: VIGIA DIURNO COM ENCARGOS COMPLEMENTARES | C7539: MES | D7539: 4178.14
A7540: CODIGO | B7540: DESCRICAO DO INSUMO | C7540: UNIDADE DE MEDIDA | D7540: PRECO MEDIANO R$
A7541: 38605 | B7541: ABERTURA PARA ENCAIXE DE CUBA OU LAVATORIO EM BANCADA DE MARMORE/ GRANITO OU OUTRO TIPO DE PEDRA NATURAL | C7541: UN | D7541: 115.31
A7542: 11270 | B7542: ABRACADEIRA DE LATAO PARA FIXACAO DE CABO PARA-RAIO, DIMENSOES 32 X 24 X 24 MM | C7542: UN | D7542: 3.54
A7543: 412 | B7543: ABRACADEIRA DE NYLON PARA AMARRACAO DE CABOS, COMPRIMENTO DE *230* X *7,6* MM | C7543: UN | D7543: 0.97
A7544: 414 | B7544: ABRACADEIRA DE NYLON PARA AMARRACAO DE CABOS, COMPRIMENTO DE 100 X 2,5 MM | C7544: UN | D7544: 0.06
A7545: 410 | B7545: ABRACADEIRA DE NYLON PARA AMARRACAO DE CABOS, COMPRIMENTO DE 150 X *3,6* MM | C7545: UN | D7545: 0.15
A7546: 411 | B7546: ABRACADEIRA DE NYLON PARA AMARRACAO DE CABOS, COMPRIMENTO DE 200 X *4,6* MM | C7546: UN | D7546: 0.19
A7547: 408 | B7547: ABRACADEIRA DE NYLON PARA AMARRACAO DE CABOS, COMPRIMENTO DE 390 X *4,6* MM | C7547: UN | D7547: 0.94
A7548: 39131 | B7548: ABRACADEIRA EM ACO PARA AMARRACAO DE ELETRODUTOS, TIPO D, COM 1 1/2" E CUNHA DE FIXACAO | C7548: UN | D7548: 3.2
A7549: 394 | B7549: ABRACADEIRA EM ACO PARA AMARRACAO DE ELETRODUTOS, TIPO D, COM 1 1/2" E PARAFUSO DE FIXACAO | C7549: UN | D7549: 3.24
A7550: 39130 | B7550: ABRACADEIRA EM ACO PARA AMARRACAO DE ELETRODUTOS, TIPO D, COM 1 1/4" E CUNHA DE FIXACAO | C7550: UN | D7550: 2.92
A7551: 395 | B7551: ABRACADEIRA EM ACO PARA AMARRACAO DE ELETRODUTOS, TIPO D, COM 1 1/4" E PARAFUSO DE FIXACAO | C7551: UN | D7551: 3.12
A7552: 39127 | B7552: ABRACADEIRA EM ACO PARA AMARRACAO DE ELETRODUTOS, TIPO D, COM 1/2" E CUNHA DE FIXACAO | C7552: UN | D7552: 1.53
... A12387: 41096 | B12387: VIGIA DIURNO (MENSALISTA) | C12387: MES | D12387: 3055.69
A12389: TOTAL DE INSUMOS : 4847

Sheet SETOP 01-24 Ñ DES
A1: TABELA REFERENCIAL DE PREÇOS UNITÁRIOS PARA OBRAS DE EDIFICAÇÃO
A2: Região Central - S/ Desoneração
A3: JANEIRO/2024
A6: CÓDIGO | B6: DESCRIÇÃO DO SERVIÇO | C6: UNIDADE | D6: CUSTO UNITÁRIO
A7: 8662 | B7: MOBILIZAÇÃO E DESMOBILIZAÇÃO DE OBRA
A8: 8700 | B8: OBRAS EM CENTRO URBANO OU REGIÃO LIMÍTROFE
A9: ED-50394 | B9: MOBILIZAÇÃO E DESMOBILIZAÇÃO DE OBRA EM CENTRO URBANO OU REGIÃO LIMÍTROFE COM VALOR ACIMA DE 3.000.000,01 | C9: % | D9: 0.2
A10: ED-50392 | B10: MOBILIZAÇÃO E DESMOBILIZAÇÃO DE OBRA EM CENTRO URBANO OU REGIÃO LIMÍTROFE COM VALOR ATÉ O VALOR DE 1.000.000,00 | C10: % | D10: 0.5
A11: ED-50393 | B11: MOBILIZAÇÃO E DESMOBILIZAÇÃO DE OBRA EM CENTRO URBANO OU REGIÃO LIMÍTROFE COM VALOR ENTRE 1.000.000,01 E 3.000.000,00 | C11: % | D11: 0.3
A12: 8701 | B12: OBRA DISTANTE DE CENTRO URBANO
A13: ED-50391 | B13: MOBILIZAÇÃO E DESMOBILIZAÇÃO OBRA DISTANTE DE CENTRO URBANO COM ACIMA DE 3.000.000,01 | C13: % | D13: 1
A14: ED-50390 | B14: MOBILIZAÇÃO E DESMOBILIZAÇÃO OBRA DISTANTE DE CENTRO URBANO COM ENTRE 1.000.000,01 E 3.000.000,00 | C14: % | D14: 1.5
A15: ED-50389 | B15: MOBILIZAÇÃO E DESMOBILIZAÇÃO OBRA DISTANTE DE CENTRO URBANO COM VALOR ATÉ O VALOR DE 1.000.000,00 | C15: % | D15: 2
A16: 8663 | B16: SERVIÇOS PRELIMINARES
A17: 8702 | B17: LIMPEZA DO TERRENO
A18: ED-50701 | B18: CAPINA MANUAL DO TERRENO, EXCLUSIVE RASTELAMENTO E QUEIMA | C18: m2 | D18: 1.33
A19: ED-28163 | B19: DESTOCAMENTO E AFASTAMENTO DE REMANESCENTE ARBÓREO, INCLUSIVE TRANSPORTE E RETIRADA DO MATERIAL ESCAVADO (EM CAÇAMBA) | C19: un | D19: 436.26
A20: ED-50703 | B20: LIMPEZA DE TERRENO, INCLUSIVE CAPINA, RASTELAMENTO COM AFASTAMENTO ATÉ VINTE (20) METROS E QUEIMA CONTROLADA | C20: m2 | D20: 2.36
A21: ED-8143 | B21: RASTELAMENTO DE ÁREA COM AFASTAMENTO DE ATÉ VINTE (20) METROS, EXCLUSIVE CAPINA OU ROÇADA MANUAL | C21: m2 | D21: 0.89
A22: ED-28162 | B22: ROÇADA MANUAL DE TERRENO COM ROÇADEIRA COSTAL, EXCLUSIVE RASTELAMENTO E QUEIMA | C22: m2 | D22: 0.27
A23: 8703 | B23: DESMATAMENTO E DESTOCAMENTO
A24: ED-50702 | B24: DESMATAMENTO, DESTOCAMENTO E LIMPEZA, INCLUSIVE TRANSPORTE ATÉ CINQUENTA (50) METROS | C24: m2 | D24: 0.52
A25: 8704 | B25: SUPRESSÃO DE ÁRVORE
A26: ED-50699 | B26: CORTE DE ÁRVORE COM MOTOSSERRA, DIÂMETRO DO TRONCO ACIMA DE TRINTA (30) CENTÍMETROS ATÉ CINQUENTA (50) CENTÍMETROS, EXCLUSIVE DESTOCAMENTO E AFASTAMENTO | C26: un | D26: 92.91
A27: ED-50697 | B27: CORTE DE ÁRVORE COM MOTOSSERRA, DIÂMETRO DO TRONCO DE QUINZE (15) CENTÍMETROS ATÉ TRINTA (30) CENTÍMETROS, EXCLUSIVE DESTOCAMENTO E AFASTAMENTO | C27: un | D27: 55.74
A28: 8706 | B28: REMOÇÃO DE TELHADO
A29: ED-48438 | B29: REMOÇÃO DE CALHA EM CHAPA GALVANIZADA OU EM PVC, COM REAPROVEITAMENTO, INCLUSIVE AFASTAMENTO E EMPILHAMENTO, EXCLUSIVE TRANSPORTE E RETIRADA DO MATERIAL REMOVIDO NÃO REAPROVEITÁVEL | C29: m | D29: 4.63
A30: ED-48446 | B30: REMOÇÃO MANUAL DE CONDUTOR EM PVC OU METÁLICO, COM REAPROVEITAMENTO, INCLUSIVE AFASTAMENTO E EMPILHAMENTO, EXCLUSIVE TRANSPORTE E RETIRADA DO MATERIAL REMOVIDO NÃO REAPROVEITÁVEL | C30: m | D30: 5.54
A31: ED-48455 | B31: REMOÇÃO MANUAL DE ENGRADAMENTO PARA TELHA TIPO CALHA ESTRUTURAL EM FIBROCIMENTO, COM REAPROVEITAMENTO, INCLUSIVE AFASTAMENTO E EMPILHAMENTO, EXCLUSIVE TRANSPORTE E RETIRADA DO MATERIAL REMOVIDO NÃO REAPROVEITÁVEL | C31: m2 | D31: 11.1
A32: ED-48457 | B32: REMOÇÃO MANUAL DE ENGRADAMENTO PARA TELHA TIPO CERÂMICA OU CONCRETO, INCLUSIVE AFASTAMENTO E EMPILHAMENTO, EXCLUSIVE TRANSPORTE E RETIRADA DO MATERIAL REMOVIDO NÃO REAPROVEITÁVEL | C32: m2 | D32: 22.2
A33: ED-48454 | B33: REMOÇÃO MANUAL DE ENGRADAMENTO PARA TELHA TIPO METÁLICA, PVC OU FIBROCIMENTO, COM REAPROVEITAMENTO, INCLUSIVE AFASTAMENTO E EMPILHAMENTO, EXCLUSIVE TRANSPORTE E RETIRADA DO MATERIAL REMOVIDO NÃO REAPROVEITÁVEL | C33: m2 | D33: 14.8
A34: ED-48506 | B34: REMOÇÃO MANUAL DE RUFO METÁLICO, COM REAPROVEITAMENTO, INCLUSIVE AFASTAMENTO E EMPILHAMENTO, EXCLUSIVE TRANSPORTE E RETIRADA DO MATERIAL REMOVIDO NÃO REAPROVEITÁVEL | C34: m | D34: 6.81
A35: ED-48512 | B35: REMOÇÃO MANUAL DE TELHA EM FIBROCIMENTO, TIPO ONDULADA, COM REAPROVEITAMENTO, INCLUSIVE AFASTAMENTO E EMPILHAMENTO, EXCLUSIVE TRANSPORTE E RETIRADA DO MATERIAL REMOVIDO NÃO REAPROVEITÁVEL | C35: m2 | D35: 12.69
A36: ED-48514 | B36: REMOÇÃO MANUAL DE TELHA CERÂMICA, COM REAPROVEITAMENTO, INCLUSIVE AFASTAMENTO E EMPILHAMENTO, EXCLUSIVE TRANSPORTE E RETIRADA DO MATERIAL REMOVIDO NÃO REAPROVEITÁVEL | C36: m2 | D36: 24.05
A37: ED-48510 | B37: REMOÇÃO MANUAL DE TELHA EM FIBROCIMENTO, TIPO CALHA ESTRUTURAL, COM REAPROVEITAMENTO, INCLUSIVE IÇAMENTO, AFASTAMENTO E EMPILHAMENTO, EXCLUSIVE TRANSPORTE E RETIRADA DO MATERIAL REMOVIDO NÃO REAPROVEITÁVEL | C37: m2 | D37: 24.32
A38: ED-48509 | B38: REMOÇÃO MANUAL DE TELHA METÁLICA OU PVC, COM REAPROVEITAMENTO, INCLUSIVE AFASTAMENTO E EMPILHAMENTO, EXCLUSIVE TRANSPORTE E RETIRADA DO MATERIAL REMOVIDO NÃO REAPROVEITÁVEL | C38: m2 | D38: 8.88
A39: 8707 | B39: DEMOLIÇÃO E REMOÇÃO DE INSTALAÇÃO
A40: ED-48500 | B40: DEMOLIÇÃO MANUAL DE TUBULAÇÕES EMBUTIDAS DE REDE (ÁGUA, ELÉTRICA, GASES, ETC.), INCLUSIVE RASGO EM ALVENARIA, REMOÇÃO DE ACESSÓRIOS DE FIXAÇÃO, AFASTAMENTO E EMPILHAMENTO, EXCLUSIVE TRANSPORTE E RETIRADA DO MATERIAL DEMOLIDO | C40: m | D40: 8.31
A41: ED-48466 | B41: REMOÇÃO MANUAL DE INTERFONE, COM REAPROVEITAMENTO, INCLUSIVE AFASTAMENTO E EMPILHAMENTO, EXCLUSIVE TRANSPORTE E RETIRADA DO MATERIAL REMOVIDO NÃO REAPROVEITÁVEL | C41: un | D41: 43.49
A42: ED-48468 | B42: REMOÇÃO MANUAL DE LUMINÁRIA COMERCIAL, EMBUTIDA OU SOBREPOR, COM REAPROVEITAMENTO, INCLUSIVE AFASTAMENTO E EMPILHAMENTO, EXCLUSIVE TRANSPORTE E RETIRADA DO MATERIAL REMOVIDO NÃO REAPROVEITÁVEL | C42: un | D42: 10.47
A43: ED-48469 | B43: REMOÇÃO MANUAL DE LUMINÁRIA COMPACTA (PLAFON, PAINEL LED, ETC.) EMBUTIDA OU SOBREPOR, COM REAPROVEITAMENTO, INCLUSIVE AFASTAMENTO E EMPILHAMENTO, EXCLUSIVE TRANSPORTE E RETIRADA DO MATERIAL REMOVIDO NÃO REAPROVEITÁVEL | C43: un | D43: 6.11
A44: ED-48499 | B44: REMOÇÃO MANUAL DE REDES DE DUTOS PARA CLIMATIZAÇÃO, INCLUSIVE AFASTAMENTO E EMPILHAMENTO, EXCLUSIVE TRANSPORTE E RETIRADA DO MATERIAL REMOVIDO NÃO REAPROVEITÁVEL | C44: m | D44: 9.23
A45: ED-48515 | B45: REMOÇÃO MANUAL DE TUBULAÇÕES EMBUTIDAS DE REDE (ÁGUA, ELÉTRICA, GASES, ETC.), COM REAPROVEITAMENTO, INCLUSIVE RASGO EM ALVENARIA, REMOÇÃO DE ACESSÓRIOS DE FIXAÇÃO, AFASTAMENTO E EMPILHAMENTO, EXCLUSIVE TRANSPORTE E RETIRADA DO MATERIAL REMOVIDO NÃO REAPROVEITÁVEL | C45: m | D45: 11.98
A46: 8708 | B46: DEMOLIÇÃO DE FORRO
A47: ED-48463 | B47: DEMOLIÇÃO MANUAL DE FORRO DE CHAPA OU PLACA DE GESSO, INCLUSIVE DEMOLIÇÃO DA ESTRUTURA DE SUSTENTAÇÃO, AFASTAMENTO E EMPILHAMENTO, EXCLUSIVE TRANSPORTE E RETIRADA DO MATERIAL DEMOLIDO | C47: m2 | D47: 5.44
A48: 8709 | B48: REMOÇÃO DE FORRO
A49: ED-48460 | B49: REMOÇÃO MANUAL DE FORRO DE PLACAS (GESSO, MINERAL, FIBRA, ISOPOR, COLMEIA, PVC, ETC.), COM REAPROVEITAMENTO, INCLUSIVE AFASTAMENTO E EMPILHAMENTO, EXCLUSIVE DEMOLIÇÃO DA ESTRUTURA DE SUSTENTAÇÃO, TRANSPORTE E RETIRADA DO MATERIAL REMOVIDO NÃO REAPROVEITÁVEL | C49: m2 | D49: 2.08
A50: ED-48459 | B50: REMOÇÃO MANUAL DE FORRO DE PLACAS (GESSO, MINERAL, FIBRA, ISOPOR, COLMEIA, PVC, ETC.), COM REAPROVEITAMENTO, INCLUSIVE DEMOLIÇÃO ESTRUTURA DE SUSTENTAÇÃO, AFASTAMENTO E EMPILHAMENTO, EXCLUSIVE TRANSPORTE E RETIRADA DO MATERIAL REMOVIDO NÃO REAPROVEITÁVEL | C50: m2 | D50: 6.23
A51: ED-48464 | B51: REMOÇÃO MANUAL DE FORRO DE TÁBUAS DE PINHO, COM REAPROVEITAMENTO, INCLUSIVE AFASTAMENTO E EMPILHAMENTO, EXCLUSIVE REMOÇÃO DA ESTRUTURA DE SUSTENTAÇÃO, TRANSPORTE E RETIRADA DO MATERIAL REMOVIDO NÃO REAPROVEITÁVEL | C51: m2 | D51: 9.72
A52: ED-28355 | B52: REMOÇÃO MANUAL ESTRUTURA OU TRAMA DE SUSTENTAÇÃO DE MADEIRA OU METÁLICA PARA FORRO, COM REAPROVEITAMENTO, INCLUSIVE AFASTAMENTO E EMPILHAMENTO, EXCLUSIVE TRANSPORTE E RETIRADA DO MATERIAL REMOVIDO NÃO REAPROVEITÁVEL | C52: m2 | D52: 4.15
A53: 8710 | B53: REMOÇÃO DE ESQUADRIA
A54: ED-48496 | B54: REMOÇÃO MANUAL DE CONJUNTO DE ALIZARES, COM REAPROVEITAMENTO, INCLUSIVE AFASTAMENTO E EMPILHAMENTO, EXCLUSIVE TRANSPORTE E RETIRADA DO MATERIAL REMOVIDO NÃO REAPROVEITÁVEL | C54: cj | D54: 3.45
A55: ED-48458 | B55: REMOÇÃO MANUAL DE CONJUNTO DE FERRAGENS (DOBRADIÇAS, FECHADURA E MAÇANETAS), COM REAPROVEITAMENTO, INCLUSIVE AFASTAMENTO E EMPILHAMENTO, EXCLUSIVE TRANSPORTE E RETIRADA DO MATERIAL REMOVIDO NÃO REAPROVEITÁVEL | C55: un | D55: 21.02
A56: ED-48493 | B56: REMOÇÃO MANUAL DE ESQUADRIA EM MADEIRA, COM REAPROVEITAMENTO, INCLUSIVE REMOÇÃO DE MARCO/ALIZAR/GUARNIÇÕES, AFASTAMENTO E EMPILHAMENTO, EXCLUSIVE TRANSPORTE E RETIRADA DO MATERIAL REMOVIDO NÃO REAPROVEITÁVEL | C56: m2 | D56: 13.29
A57: ED-48497 | B57: REMOÇÃO MANUAL DE ESQUADRIA METÁLICA, COM REAPROVEITAMENTO, INCLUSIVE MARCO/ALIZAR/GUARNIÇÕES, AFASTAMENTO E EMPILHAMENTO, EXCLUSIVE TRANSPORTE E RETIRADA DO MATERIAL REMOVIDO NÃO REAPROVEITÁVEL | C57: m2 | D57: 18.46
A58: ED-48494 | B58: REMOÇÃO MANUAL DE FOLHA DE PORTA OU JANELA DE MADEIRA OU METÁLICA, COM REAPROVEITAMENTO, INCLUSIVE AFASTAMENTO E EMPILHAMENTO, EXCLUSIVE TRANSPORTE E RETIRADA DO MATERIAL REMOVIDO NÃO REAPROVEITÁVEL | C58: m2 | D58: 8.98
A59: ED-48495 | B59: REMOÇÃO MANUAL DE MARCO EM MADEIRA OU METÁLICO, COM REAPROVEITAMENTO, INCLUSIVE AFASTAMENTO E EMPILHAMENTO, EXCLUSIVE TRANSPORTE E RETIRADA DO MATERIAL REMOVIDO NÃO REAPROVEITÁVEL | C59: un | D59: 17.79
A60: 8711 | B60: DEMOLIÇÃO DE IMPERMEABILIZAÇÃO
A61: ED-48465 | B61: DEMOLIÇÃO MANUAL DE IMPERMEABILIZAÇÃO E PROTEÇÃO MECÂNICA, INCLUSIVE AFASTAMENTO E EMPILHAMENTO, EXCLUSIVE TRANSPORTE E RETIRADA DO MATERIAL DEMOLIDO | C61: m2 | D61: 27.3
A62: 8712 | B62: REMOÇÃO DE LOUÇA E ACESSÓRIOS
A63: ED-48467 | B63: REMOÇÃO DE LOUÇAS (LAVATÓRIO, BANHEIRA, PIA, VASO SANITÁRIO, TANQUE), COM REAPROVEITAMENTO, INCLUSIVE AFASTAMENTO E EMPILHAMENTO, EXCLUSIVE TRANSPORTE E RETIRADA DO MATERIAL REMOVIDO NÃO REAPROVEITÁVEL | C63: un | D63: 42.44
A64: ED-48470 | B64: REMOÇÃO MANUAL DE METAIS COMUNS E ACABAMENTOS (TORNEIRA, ACABAMENTO PARA REGISTRO, SIFÃO, ENGATE FLEXÍVEL, ETC.), COM REAPROVEITAMENTO, INCLUSIVE AFASTAMENTO E EMPILHAMENTO, EXCLUSIVE TRANSPORTE E RETIRADA DO MATERIAL REMOVIDO NÃO REAPROVEITÁVEL | C64: un | D64: 6.35
A65: ED-48471 | B65: REMOÇÃO MANUAL DE METAIS EMBUTIDOS (BASE DE REGISTRO, VÁLVULA DE DESCARGA, TORNEIRA ANTIVANDALISMO, ETC.), COM REAPROVEITAMENTO, INCLUSIVE AFASTAMENTO E EMPILHAMENTO, EXCLUSIVE TRANSPORTE E RETIRADA DO MATERIAL REMOVIDO NÃO REAPROVEITÁVEL | C65: un | D65: 20.24
A66: 8713 | B66: DEMOLIÇÃO E REMOÇÃO DE DIVISÓRIA E BANCADA
A67: ED-48452 | B67: DEMOLIÇÃO MANUAL DE ALVENARIA/DIVISÓRIA DE ELEMENTOS VAZADOS (COBOGÓ, ETC. ), INCLUSIVE AFASTAMENTO E EMPILHAMENTO, EXCLUSIVE TRANSPORTE E RETIRADA DO MATERIAL DEMOLIDO | C67: m2 | D67: 17.49
A68: ED-48453 | B68: DEMOLIÇÃO MANUAL DE DIVISÓRIA COMERCIAL EM LAMINADO, INCLUSIVE AFASTAMENTO E EMPILHAMENTO, EXCLUSIVE TRANSPORTE E RETIRADA DO MATERIAL DEMOLIDO | C68: m2 | D68: 7.02
A69: ED-8024 | B69: DEMOLIÇÃO MANUAL DE DIVISÓRIA DE MADEIRA, INCLUSIVE AFASTAMENTO E EMPILHAMENTO, EXCLUSIVE TRANSPORTE E RETIRADA DO MATERIAL DEMOLIDO | C69: m2 | D69: 10.7
A70: ED-48437 | B70: REMOÇÃO MANUAL DE BANCADA DE PEDRA (MÁRMORE, GRANITO, ARDÓSIA, MARMORITE, ETC.), COM REAPROVEITAMENTO, INCLUSIVE RASGO EM ALVENARIA, REMOÇÃO DE ACESSÓRIOS DE FIXAÇÃO, AFASTAMENTO E EMPILHAMENTO, EXCLUSIVE TRANSPORTE E RETIRADA DO MATERIAL REMOVIDO NÃO REAPROVEITÁVEL | C70: m2 | D70: 52.89
A71: ED-28348 | B71: REMOÇÃO MANUAL DE DIVISÓRIA EM PEDRA (MÁRMORE, GRANITO, ARDÓSIA, MARMORITE, ETC.), COM REAPROVEITAMENTO, INCLUSIVE RASGO EM ALVENARIA, REMOÇÃO DE ACESSÓRIOS DE FIXAÇÃO, AFASTAMENTO E EMPILHAMENTO, EXCLUSIVE TRANSPORTE E RETIRADA DO MATERIAL REMOVIDO NÃO REAPROVEITÁVEL | C71: m2 | D71: 44.13
A72: 8714 | B72: DEMOLIÇÃO DE ALVENARIA
A73: ED-48436 | B73: DEMOLIÇÃO MANUAL DE ALVENARIA DE TIJOLO CERÂMICO MACIÇO, INCLUSIVE AFASTAMENTO E EMPILHAMENTO, EXCLUSIVE TRANSPORTE E RETIRADA DO MATERIAL DEMOLIDO | C73: m3 | D73: 151.07
A74: ED-48435 | B74: DEMOLIÇÃO MANUAL DE ALVENARIA DE TIJOLO CERÂMICO OU BLOCO DE CONCRETO, INCLUSIVE AFASTAMENTO E EMPILHAMENTO, EXCLUSIVE TRANSPORTE E RETIRADA DO MATERIAL DEMOLIDO | C74: m3 | D74: 103.86
A75: ED-28338 | B75: DEMOLIÇÃO MANUAL DE CONSTRUÇÃO EM ALVENARIAS DE VEDAÇÃO, COM ESPESSURA MÁXIMA DE 15CM, INCLUSIVE REMOÇÃO COM REAPROVEITAMENTO DE ESQUADRIAS, AFASTAMENTO E EMPILHAMENTO, EXCLUSIVE TRANSPORTE E RETIRADA DO MATERIAL DEMOLIDO/REMOVIDO NÃO REAPROVEITÁVEL | C75: m2 | D75: 16.49
A76: 8715 | B76: DEMOLIÇÃO DE CONCRETO
A77: ED-48441 | B77: DEMOLIÇÃO MANUAL DE CONCRETO ARMADO, INCLUSIVE AFASTAMENTO E EMPILHAMENTO, EXCLUSIVE TRANSPORTE E RETIRADA DO MATERIAL DEMOLIDO | C77: m3 | D77: 474.8
A78: ED-48440 | B78: DEMOLIÇÃO MANUAL DE CONCRETO, SEM ARMAÇÃO, INCLUSIVE AFASTAMENTO E EMPILHAMENTO, EXCLUSIVE TRANSPORTE E RETIRADA DO MATERIAL DEMOLIDO | C78: m3 | D78: 287.76
A79: ED-48443 | B79: DEMOLIÇÃO MECANIZADA DE CONCRETO ARMADO, COM EQUIPAMENTO ELÉTRICO, INCLUSIVE AFASTAMENTO E EMPILHAMENTO, EXCLUSIVE TRANSPORTE E RETIRADA DO MATERIAL DEMOLIDO | C79: m3 | D79: 247.34
A80: ED-48445 | B80: DEMOLIÇÃO MECANIZADA DE CONCRETO ARMADO, COM EQUIPAMENTO PNEUMÁTICO, INCLUSIVE AFASTAMENTO E EMPILHAMENTO, EXCLUSIVE TRANSPORTE E RETIRADA DO MATERIAL DEMOLIDO | C80: m3 | D80: 343.59
A81: ED-48442 | B81: DEMOLIÇÃO MECANIZADA DE CONCRETO, SEM ARMAÇÃO, COM EQUIPAMENTO ELÉTRICO, INCLUSIVE AFASTAMENTO E EMPILHAMENTO, EXCLUSIVE TRANSPORTE E RETIRADA DO MATERIAL DEMOLIDO | C81: m3 | D81: 152.18
A82: ED-48444 | B82: DEMOLIÇÃO MECANIZADA DE CONCRETO, SEM ARMAÇÃO, COM EQUIPAMENTO PNEUMÁTICO, INCLUSIVE AFASTAMENTO E EMPILHAMENTO, EXCLUSIVE TRANSPORTE E RETIRADA DO MATERIAL DEMOLIDO | C82: m3 | D82: 210.51
A83: 8716 | B83: REMOÇÃO DE PADRÃO CONCESSIONÁRIA
A84: ED-48475 | B84: REMOÇÃO MANUAL DE PADRÃO DE ENTRADA DE ÁGUA, COM REAPROVEITAMENTO, INCLUSIVE AFASTAMENTO E EMPILHAMENTO, EXCLUSIVE TRANSPORTE E RETIRADA DO MATERIAL REMOVIDO NÃO REAPROVEITÁVEL | C84: un | D84: 97.01
A85: ED-48474 | B85: REMOÇÃO MANUAL DE PADRÃO DE ENTRADA DE ENERGIA, COM REAPROVEITAMENTO, INCLUSIVE AFASTAMENTO E EMPILHAMENTO, EXCLUSIVE TRANSPORTE E RETIRADA DO MATERIAL REMOVIDO NÃO REAPROVEITÁVEL | C85: un | D85: 244.35
A86: 8717 | B86: DEMOLIÇÃO E REMOÇÃO DE PAVIMENTAÇÃO
A87: ED-48487 | B87: DEMOLIÇÃO MANUAL DE LAJE DE CONCRETO ARMADO, COM ESPESSURA DE ATÉ 15CM, INCLUSIVE AFASTAMENTO E EMPILHAMENTO, EXCLUSIVE TRANSPORTE E RETIRADA DO MATERIAL DEMOLIDO | C87: m2 | D87: 41.55
A88: ED-48507 | B88: DEMOLIÇÃO MANUAL DE SARJETA OU SARJETÃO DE CONCRETO, INCLUSIVE AFASTAMENTO E EMPILHAMENTO, EXCLUSIVE TRANSPORTE E RETIRADA DO MATERIAL DEMOLIDO | C88: m2 | D88: 10.39
A89: ED-48489 | B89: DEMOLIÇÃO MECANIZADA DE LAJE DE CONCRETO ARMADO, COM ESPESSURA DE ATÉ 15CM, , COM EQUIPAMENTO ELÉTRICO, INCLUSIVE AFASTAMENTO E EMPILHAMENTO, EXCLUSIVE TRANSPORTE E RETIRADA DO MATERIAL DEMOLIDO | C89: m2 | D89: 22.43
A90: ED-48486 | B90: DEMOLIÇÃO MECANIZADA DE LAJE DE CONCRETO ARMADO, COM ESPESSURA DE ATÉ 15CM, , COM EQUIPAMENTO PNEUMÁTICO, INCLUSIVE AFASTAMENTO E EMPILHAMENTO, EXCLUSIVE TRANSPORTE E RETIRADA DO MATERIAL DEMOLIDO | C90: m2 | D90: 30.6
A91: ED-48492 | B91: DEMOLIÇÃO MECANIZADA DE REVESTIMENTO ASFÁLTICO, COM EQUIPAMENTO PNEUMÁTICO, INCLUSIVE AFASTAMENTO E EMPILHAMENTO, EXCLUSIVE TRANSPORTE E RETIRADA DO MATERIAL DEMOLIDO | C91: m2 | D91: 10.17
A92: ED-48490 | B92: REMOÇÃO MANUAL DE ALVENARIA POLIÉDRICA, COM REAPROVEITAMENTO, INCLUSIVE AFASTAMENTO E EMPILHAMENTO, EXCLUSIVE TRANSPORTE E RETIRADA DO MATERIAL REMOVIDO NÃO REAPROVEITÁVEL | C92: m2 | D92: 14.16
A93: ED-48488 | B93: REMOÇÃO MANUAL DE CALÇADA PORTUGUESA, COM REAPROVEITAMENTO, INCLUSIVE AFASTAMENTO E EMPILHAMENTO, EXCLUSIVE TRANSPORTE E RETIRADA DO MATERIAL REMOVIDO NÃO REAPROVEITÁVEL | C93: m2 | D93: 8.56
A94: ED-48473 | B94: REMOÇÃO MANUAL DE GUIA DE MEIO-FIO EM PEDRA (GNAISSE, BASALTO, ETC.), COM REAPROVEITAMENTO, INCLUSIVE AFASTAMENTO E EMPILHAMENTO, EXCLUSIVE TRANSPORTE E RETIRADA DO MATERIAL REMOVIDO NÃO REAPROVEITÁVEL | C94: m | D94: 20.77
A95: ED-48472 | B95: REMOÇÃO MANUAL DE GUIA DE MEIO-FIO PRÉ-MOLDADA EM CONCRETO, COM REAPROVEITAMENTO, INCLUSIVE AFASTAMENTO E EMPILHAMENTO, EXCLUSIVE TRANSPORTE E RETIRADA DO MATERIAL REMOVIDO NÃO REAPROVEITÁVEL | C95: m | D95: 11.08
A96: ED-48476 | B96: REMOÇÃO MANUAL DE PAVIMENTAÇÃO INTERTRAVADA OU SEXTAVADO EM PRÉ-MOLDADO DE CONCRETO, COM REAPROVEITAMENTO, INCLUSIVE AFASTAMENTO E EMPILHAMENTO, EXCLUSIVE TRANSPORTE E RETIRADA DO MATERIAL REMOVIDO NÃO REAPROVEITÁVEL | C96: m2 | D96: 14.16
A97: ED-48491 | B97: REMOÇÃO MANUAL DE PAVIMENTO PARALELEPÍPEDO, COM REAPROVEITAMENTO, INCLUSIVE AFASTAMENTO E EMPILHAMENTO, EXCLUSIVE TRANSPORTE E RETIRADA DO MATERIAL REMOVIDO NÃO REAPROVEITÁVEL | C97: m2 | D97: 15.86
A98: 8718 | B98: DEMOLIÇÃO E REMOÇÃO DE REVESTIMENTO
A99: ED-48504 | B99: DEMOLIÇÃO MANUAL DE LAMINADO MELAMÍNICO EM SUPERFÍCIE DE MADEIRA OU PAREDE, INCLUSIVE AFASTAMENTO E EMPILHAMENTO, EXCLUSIVE TRANSPORTE E RETIRADA DO MATERIAL DEMOLIDO | C99: m2 | D99: 10.39
A100: ED-48501 | B100: DEMOLIÇÃO MANUAL DE REBOCO OU EMBOÇO, COM ESPESSURA DE ATÉ 55MM, INCLUSIVE AFASTAMENTO E EMPILHAMENTO, EXCLUSIVE TRANSPORTE E RETIRADA DO MATERIAL DEMOLIDO | C100: m2 | D100: 9.83
A101: ED-48502 | B101: DEMOLIÇÃO MANUAL DE REVESTIMENTO CERÂMICO, AZULEJO OU LADRILHO HIDRÁULICO, INCLUSIVE AFASTAMENTO E EMPILHAMENTO, EXCLUSIVE DEMOLIÇÃO DO REBOCO OU EMBOÇO, TRANSPORTE E RETIRADA DO MATERIAL DEMOLIDO | C101: m2 | D101: 20.48
A102: ED-48503 | B102: DEMOLIÇÃO MANUAL DE REVESTIMENTO DE PEDRA (MÁRMORE, GRANITO, ARDÓSIA, ETC.), INCLUSIVE AFASTAMENTO E EMPILHAMENTO, EXCLUSIVE DEMOLIÇÃO DO REBOCO OU EMBOÇO, TRANSPORTE E RETIRADA DO MATERIAL DEMOLIDO | C102: m2 | D102: 24.57
...

Sheet SUDECAP 01-24 DES
A8: CÓDIGO | B8: ORIGEM | C8: DESCRICAO | D8: UND | E8: VALOR
A9: 01 | C9: INSTALAÇAO DA OBRA
A10: 01.01 | B10: SUDECAP | C10: ESCRITORIO DE OBRA
A11: 01.01.07 | B11: SUDECAP | C11: ESCRITORIO TIPO I | D11: UN | E11: 6588.67
A12: 01.01.09 | B12: SUDECAP | C12: ESCRITORIO TIPO II | D12: UN | E12: 8839
A13: 01.01.13 | B13: SUDECAP | C13: LAVABO | D13: UN | E13: 2885.17
A14: 01.02 | B14: SUDECAP | C14: BARRACAO DE OBRA
A15: 01.02.06 | B15: SUDECAP | C15: VESTIARIO TIPO I | D15: UN | E15: 5957.63
A16: 01.02.07 | B16: SUDECAP | C16: VESTIARIO TIPO II | D16: UN | E16: 12121.98
A17: 01.02.08 | B17: SUDECAP | C17: VESTIARIO TIPO III | D17: UN | E17: 16134.1
A18: 01.02.11 | B18: SUDECAP | C18: AREA COBERTA EM TELHA ONDULADA DE FIBROCIMENTO 4MM | D18: M2 | E18: 69.76
A19: 01.02.12 | B19: SUDECAP | C19: DEPOSITO E FERRAMENTARIA TIPO I | D19: UN | E19: 4786.96
A20: 01.02.13 | B20: SUDECAP | C20: DEPOSITO E FERRAMENTARIA TIPO II | D20: UN | E20: 7312.14
A21: 01.02.14 | B21: SUDECAP | C21: DEPOSITO E FERRAMENTARIA TIPO III | D21: UN | E21: 9909.55
A22: 01.02.15 | B22: SUDECAP | C22: DEPOSITO DE MATERIAIS ENSACADOS | D22: UN | E22: 3565.36
A23: 01.02.20 | B23: SUDECAP | C23: INSTALAÇAO SANITARIA TIPO I | D23: UN | E23: 6149.25
A24: 01.02.21 | B24: SUDECAP | C24: INSTALAÇAO SANITARIA TIPO II | D24: UN | E24: 7639.64
A25: 01.02.22 | B25: SUDECAP | C25: INSTALAÇAO SANITARIA TIPO III | D25: UN | E25: 10818.35
A26: 01.02.25 | B26: SUDECAP | C26: REFEITORIO TIPO I | D26: UN | E26: 5014.02
A27: 01.02.26 | B27: SUDECAP | C27: REFEITORIO TIPO II | D27: UN | E27: 5593.74
A28: 01.03 | B28: SUDECAP | C28: PLACA DE OBRA AFIXADA COM PEÇAS DE MADEIRA
A29: 01.03.01 | B29: SUDECAP | C29: 3,00 X 2,00 M EM LONA IMPRESSAO DIGITAL P.SUDECAP | D29: UN | E29: 1631.27
A30: 01.03.02 | B30: SUDECAP | C30: PLACA DE OBRA EM LONA IMPRESSAO DIGITAL P. SUDECAP | D30: M2 | E30: 214.45
A31: 01.03.03 | B31: SUDECAP | C31: PLACA DE OBRA EM CHAPA GALVANIZADA ADESIVADA, DIMENSÕES 2,40 X 1,20 M, PADRÃO CEF | D31: M2 | E31: 271.14
A32: 01.04 | B32: SUDECAP | C32: TAPUME PADRAO SUDECAP (TIPO I, II E III)
A33: 01.04.01 | B33: SUDECAP | C33: TAPUME PADRÃO SUDECAP DE COMPENSADO 10MM COM FIXAÇAO ENTERRADA | D33: M | E33: 90.63
A34: 01.04.03 | B34: SUDECAP | C34: TAPUME PADRÃO SUDECAP DE COMPENSADO 10MM COM BASE DE CONCRETO | D34: M | E34: 95.22
A35: 01.04.05 | B35: SUDECAP | C35: INFORME PUBLIC.LONA IMP.DIGITAL APLICADO EM TAPUME | D35: M2 | E35: 112.78
A36: 01.04.06 | B36: SUDECAP | C36: DE TELA GALVANIZADA #2" FIO 14 C/FIXAÇAO ENTERRADA | D36: M | E36: 57.43
A37: 01.04.07 | B37: SUDECAP | C37: DE TELA GALVANIZADA #2" FIO 14 C/BASE DE CONCRETO | D37: M | E37: 62.12
A38: 01.04.09 | B38: SUDECAP | C38: TELA-TAPUME DE POLIPROPILENO H= 1,20 M, INCL. BASE | D38: M | E38: 10.51
A39: 01.04.10 | B39: SUDECAP | C39: PROTEÇAO COM FITA ZEBRADA AMARELA L=7CM E PEÇA 7X7 | D39: M | E39: 7.71
A40: 01.04.11 | B40: SUDECAP | C40: FITA ZEBRADA AMARELA PARA SINALIZAÇAO L= 7CM | D40: M | E40: 2.91
A41: 01.04.16 | B41: SUDECAP | C41: TAPUME METÁLICO COM BASE DE CONCRETO (M) | D41: M | E41: 106.15
A42: 01.04.17 | B42: SUDECAP | C42: TAPUME METÁLICO COM BASE ENTERRADA (M) | D42: M | E42: 93.37
A43: 01.04.18 | B43: SUDECAP | C43: TAPUME METÁLICO COM TELA E BASE DE CONCRETO (M) | D43: M | E43: 115.28
A44: 01.04.19 | B44: SUDECAP | C44: TAPUME METÁLICO COM TELA E BASE ENTERRADA (M) | D44: M | E44: 102.47
A45: 01.04.20 | B45: SUDECAP | C45: REMANEJAMENTO DE TAPUME | D45: M | E45: 7.47
A46: 01.06 | B46: SUDECAP | C46: INSTALAÇAO PROVISORIA - CONCESSIONARIA
A47: 01.06.01 | B47: SUDECAP | C47: PADRÃO CEMIG PROVISÓRIO TIPO C3, DEMANDA PROVÁVEL DE 23,1 ATÉ 27,0KW (3F+N) | D47: UN | E47: 774.16
A48: 01.06.05 | B48: SUDECAP | C48: PADRAO COPASA - KIT CAVALTE METAL E REGISTRO 3/4" | D48: UN | E48: 311.02
A49: 01.07 | B49: SUDECAP | C49: FOSSA E SUMIDOURO
A50: 01.07.02 | B50: SUDECAP | C50: FOSSA SEPTICA E SUMIDOURO DN=1,20M H=4,00M | D50: UN | E50: 7032.91
A51: 01.08 | B51: SUDECAP | C51: REDE INTERNA E PROVISORIA DE AGUA E ESGOTO
A52: 01.08.01 | B52: SUDECAP | C52: TUBO PVC D= 100 MM | D52: M | E52: 22.94
A53: 01.08.02 | B53: SUDECAP | C53: TUBO PVC D= 150 MM | D53: M | E53: 49.28
A54: 01.08.03 | B54: SUDECAP | C54: TUBO PVC D= 200 MM | D54: M | E54: 101.49
A55: 01.08.04 | B55: SUDECAP | C55: TUBO PVC D= 250 MM | D55: M | E55: 100.46
A56: 01.08.20 | B56: SUDECAP | C56: TUBO PVC AGUA SOLDA E CONEXOES D=20MM (1/2") | D56: M | E56: 5.38
A57: 01.08.21 | B57: SUDECAP | C57: TUBO PVC AGUA SOLDA E CONEXOES D=25MM (3/4") | D57: M | E57: 6.22
A58: 01.09 | B58: SUDECAP | C58: CONTAINER 6,0X2,30X2,82 M COM ISOLAMENTO TERMICO
A59: 01.09.01 | B59: SUDECAP | C59: MOBILIZACAO DE CONTAINER | D59: UN | E59: 1200
A60: 01.09.02 | B60: SUDECAP | C60: CONTAINER SIMPLES COM AR CONDICIONADO PARA ESCRITÓRIO | D60: MES | E60: 1030
A61: 01.09.03 | B61: SUDECAP | C61: CONTAINER COM SANITÁRIO E AR CONDICIONADO PARA ESCRITÓRIO | D61: MES | E61: 1090
A62: 01.09.11 | B62: SUDECAP | C62: DESMOBILIZAÇÃO DE CONTAINER | D62: UN | E62: 1200
A63: 01.09.12 | B63: SUDECAP | C63: INSTALAÇÕES DE MOBILIÁRIOS PARA CONTAINER TIPO ESCRITÓRIO COM SANITÁRIO | D63: UN | E63: 510.77
A64: 01.09.14 | B64: SUDECAP | C64: INSTALAÇÕES DE MOBILIÁRIOS PARA CONTAINER TIPO REFEITÓRIO | D64: UN | E64: 184.68
A65: 01.09.15 | B65: SUDECAP | C65: INSTALAÇÕES DE MOBILIÁRIOS PARA CONTAINER TIPO DEPÓSITO E FERRAMENTARIA COM LAVATÓRIO | D65: UN | E65: 764.97
A66: 01.09.17 | B66: SUDECAP | C66: INSTALAÇÕES DE MOBILIÁRIOS PARA CONTAINER TIPO ESCRITÓRIO SEM SANITÁRIO | D66: UN | E66: 651.68
A67: 01.09.18 | B67: SUDECAP | C67: CONTAINER VESTIÁRIO TIPO I | D67: MES | E67: 1800
A68: 01.09.19 | B68: SUDECAP | C68: CONTAINER VESTIÁRIO TIPO II | D68: MES | E68: 2800
A69: 01.09.20 | B69: SUDECAP | C69: CONTAINER VESTIÁRIO TIPO III | D69: MES | E69: 3800
A70: 01.09.21 | B70: SUDECAP | C70: CONTAINER SIMPLES | D70: MES | E70: 730
... A75: 01.09.26 | B75: SUDECAP | C75: INSTALAÇÕES DE MOBILIÁRIOS PARA CONTAINER VESTIÁRIO TIPO III | D75: UN | E75: 338.2
A76: 01.09.27 | C76: CONTAINER PARA 2 VESTIÁRIOS E SANITÁRIOS | D76: MES | E76: 1800
A77: 01.10 | B77: SUDECAP | C77: BANHEIRO QUIMICO
A78: 01.10.01 | B78: SUDECAP | C78: BANHEIRO QUIMICO 110X120X230CM COM MANUTENCAO | D78: MES | E78: 680
A79: 01.10.02 | B79: SUDECAP | C79: BANHEIRO QUÍMICO E REBOQUE PARA TRANSPORTE DE BANHEIRO QUÍMICO | D79: MES | E79: 1003.05
A80: 01.11 | B80: SUDECAP | C80: SINALIZAÇAO
A81: 01.11.01 | B81: SUDECAP | C81: PLACA 1,0X0,60M DUPLA FACE CH.GALV. 26 EM CAVALETE | D81: UNMES | E81: 14.95
A82: 01.11.02 | B82: SUDECAP | C82: PLACA 1,0X0,60M CH.26 EM CAVALETE METALON 20X20MM | D82: UNMES | E82: 13.75
A83: 01.11.03 | B83: SUDECAP | C83: PLACA 0,50X0,50M DUPLA FACE CH.GALV.22 EM CAVALETE | D83: UNMES | E83: 10.95
A84: 01.11.04 | B84: SUDECAP | C84: PLACA 0,50X0,50M CH.GALV.22 CAVALETE METALON 20X20 | D84: UNMES | E84: 9.95
A85: 01.11.05 | B85: SUDECAP | C85: INSTALAÇÃO DE FAIXA MORIM 6,00M X 0,80M EM TECIDO COMUM E EUCALIPTO | D85: UN | E85: 112.66
A86: 01.11.06 | B86: SUDECAP | C86: CONE MASTER 75CM BASE DE BORRACHA CORPO POLIETILEN | D86: UN | E86: 131.42
A87: 01.11.07 | B87: SUDECAP | C87: CONE EM PVC H= 75 CM | D87: UN | E87: 40.47
A88: 01.11.08 | B88: SUDECAP | C88: SINALIZADOR ELET.MONOLIGHT LED 60 A 70 FLASHES/MIN | D88: UN | E88: 146.55
A89: 01.12 | C89: VISTORIA CAUTELAR
A90: 01.12.01 | B90: SUDECAP | C90: VISTORIA CAUTELAR - ÁREA CONSTRUÍDA <= 100M2 | D90: UN | E90: 314.39
A91: 01.12.02 | B91: SUDECAP | C91: VISTORIA CAUTELAR - 101M2 < ÁREA CONSTRUÍDA <= 200M2 | D91: UN | E91: 390.77
A92: 01.12.03 | B92: SUDECAP | C92: VISTORIA CAUTELAR - 201M2 < ÁREA CONSTRUÍDA <= 500M2 | D92: UN | E92: 514.1
A93: 01.12.04 | B93: SUDECAP | C93: VISTORIA CAUTELAR - 501M2 < ÁREA CONSTRUÍDA <= 2000M2 | D93: UN | E93: 741.66
A94: 01.12.05 | B94: SUDECAP | C94: VISTORIA CAUTELAR - 2001M2 < ÁREA CONSTRUÍDA <= 7000M2 | D94: UN | E94: 1220.13
A95: 01.12.06 | B95: SUDECAP | C95: VISTORIA CAUTELAR - ÁREA CONSTRUÍDA > 7001M2 | D95: UN | E95: 1702.56
A96: 01.13 | B96: SUDECAP | C96: GERENCIAMENTO DE RESÍDUOS DA CONSTRUÇÃO CIVIL
A97: 01.13.01 | B97: SUDECAP | C97: BAIA SIMPLES PARA RESÍDUOS DA CONSTRUÇÃO CIVIL | D97: UN | E97: 1558.39
A98: 01.13.02 | B98: SUDECAP | C98: BAIA DUPLA PARA RESÍDUOS DA CONSTRUÇÃO CIVIL | D98: UN | E98: 2668.89
A99: 01.13.03 | B99: SUDECAP | C99: PLACA IDENTIFCAÇÃO RESÍDUOS-PGRCC, CONFORME RESOLUÇÃO CONAMA-RDC Nº 275/01,EM LONA (BANNER), (30X30)CM | D99: UN | E99: 45.37
A101: 01.13.04 | B101: SUDECAP | C101: FORNECIMENTO BIG BAG P/ RESÍDUOS COMUNS-CAP. APROX.1M3, PADRÃO CLUB FARM OU EQUIVALENTE | D101: UN | E101: 42.48
A102: 01.13.05 | B102: SUDECAP | C102: FORNECIMENTO LIXEIRA PLÁSTICA C/ TAMPA VAI-VEM - 100 LITROS, PADRÃO Q100 WEBPLASTICO/EQUIVALENTE | D102: UN | E102: 143.54
A103: 01.13.06 | B103: SUDECAP | C103: FORNECIMENTO DE LONA REFORÇADA DE POLIETILENO PARA COBERTURA DE CAÇAMBA (4Mx4M), 600 MICRA | D103: UN | E103: 144.9
A104: 01.13.07 | B104: SUDECAP | C104: FORNECIMENTO DE BOMBONA BOCA LARGA PARA RESÍDUOS CLASSE B - 100 LITROS | D104: UN | E104: 406.9
A105: 01.14 | B105: SUDECAP | C105: SERVIÇOS AUXILIARES DE INSTALAÇÃO DE OBRA
A106: 01.14.01 | B106: SUDECAP | C106: PORTA EM COMPENSADO RESINADO 10MM 80X210CM | D106: UN | E106: 114.34
A107: 01.14.02 | B107: SUDECAP | C107: CONJUNTO MESA (130X60CM) E 2 BANCOS (130X40CM) EM MADEIRITE | D107: CJ | E107: 300.6
A108: 01.14.03 | B108: SUDECAP | C108: BANCO (130X40CM) EM MADEIRITE, PARA VESTIARIO | D108: UN | E108: 87.54
A109: 01.14.04 | B109: SUDECAP | C109: MAPOTECA PARA PROJETO 1,40X1,10X1,40M E PEÇA 8X8 CM | D109: UN | E109: 130.82
A110: 01.14.05 | B110: SUDECAP | C110: JANELA DE CORRER DE FERRO 1x1/8", AREA > 1,0 M2 | D110: UN | E110: 363.47
A111: 01.14.11 | B111: SUDECAP | C111: INSTALACAO HIDRAULICA - ESCRITORIO EMPREITEIRA | D111: UN | E111: 1123.91
A112: 01.14.12 | B112: SUDECAP | C112: INSTALACAO ELETRICA - ESCRITÓRIO EMPREITEIRA, DEPOSITO OU VESTIARIO | D112: UN | E112: 559.47
...

Sheet SUDECAP 01-24 Ñ DES
C1: TABELA MENSAL DE PREÇO UNITÁRIO
C3: MÊS DE REFERÊNCIA: 01/24
C5: Onerada SEM BDI
A8: CÓDIGO | B8: ORIGEM | C8: DESCRICAO | D8: UND | E8: VALOR
A9: 01 | C9: INSTALAÇAO DA OBRA
A10: 01.01 | B10: SUDECAP | C10: ESCRITORIO DE OBRA
A11: 01.01.07 | B11: SUDECAP | C11: ESCRITORIO TIPO I | D11: UN | E11: 6900.55
A12: 01.01.09 | B12: SUDECAP | C12: ESCRITORIO TIPO II | D12: UN | E12: 9251.68
A13: 01.01.13 | B13: SUDECAP | C13: LAVABO | D13: UN | E13: 3039.72
A14: 01.02 | B14: SUDECAP | C14: BARRACAO DE OBRA
A15: 01.02.06 | B15: SUDECAP | C15: VESTIARIO TIPO I | D15: UN | E15: 6302.67
A16: 01.02.07 | B16: SUDECAP | C16: VESTIARIO TIPO II | D16: UN | E16: 12771.15
A17: 01.02.08 | B17: SUDECAP | C17: VESTIARIO TIPO III | D17: UN | E17: 16973.69
A18: 01.02.11 | B18: SUDECAP | C18: AREA COBERTA EM TELHA ONDULADA DE FIBROCIMENTO 4MM | D18: M2 | E18: 74.18
A19: 01.02.12 | B19: SUDECAP | C19: DEPOSITO E FERRAMENTARIA TIPO I | D19: UN | E19: 5011.43
A20: 01.02.13 | B20: SUDECAP | C20: DEPOSITO E FERRAMENTARIA TIPO II | D20: UN | E20: 7648.05
A21: 01.02.14 | B21: SUDECAP | C21: DEPOSITO E FERRAMENTARIA TIPO III | D21: UN | E21: 10347.84
A22: 01.02.15 | B22: SUDECAP | C22: DEPOSITO DE MATERIAIS ENSACADOS | D22: UN | E22: 3793.19
A23: 01.02.20 | B23: SUDECAP | C23: INSTALAÇAO SANITARIA TIPO I | D23: UN | E23: 6605.99
A24: 01.02.21 | B24: SUDECAP | C24: INSTALAÇAO SANITARIA TIPO II | D24: UN | E24: 8147.47
A25: 01.02.22 | B25: SUDECAP | C25: INSTALAÇAO SANITARIA TIPO III | D25: UN | E25: 11557.98
A26: 01.02.25 | B26: SUDECAP | C26: REFEITORIO TIPO I | D26: UN | E26: 5307.48
A27: 01.02.26 | B27: SUDECAP | C27: REFEITORIO TIPO II | D27: UN | E27: 5911.15
A28: 01.03 | B28: SUDECAP | C28: PLACA DE OBRA AFIXADA COM PEÇAS DE MADEIRA
A29: 01.03.01 | B29: SUDECAP | C29: 3,00 X 2,00 M EM LONA IMPRESSAO DIGITAL P.SUDECAP | D29: UN | E29: 1636.84
A30: 01.03.02 | B30: SUDECAP | C30: PLACA DE OBRA EM LONA IMPRESSAO DIGITAL P. SUDECAP | D30: M2 | E30: 215.97
A31: 01.03.03 | B31: SUDECAP | C31: PLACA DE OBRA EM CHAPA GALVANIZADA ADESIVADA, DIMENSÕES 2,40 X 1,20 M, PADRÃO CEF | D31: M2 | E31: 272.75
A32: 01.04 | B32: SUDECAP | C32: TAPUME PADRAO SUDECAP (TIPO I, II E III)
A33: 01.04.01 | B33: SUDECAP | C33: TAPUME PADRÃO SUDECAP DE COMPENSADO 10MM COM FIXAÇAO ENTERRADA | D33: M | E33: 95.93
A34: 01.04.03 | B34: SUDECAP | C34: TAPUME PADRÃO SUDECAP DE COMPENSADO 10MM COM BASE DE CONCRETO | D34: M | E34: 100.68
A35: 01.04.05 | B35: SUDECAP | C35: INFORME PUBLIC.LONA IMP.DIGITAL APLICADO EM TAPUME | D35: M2 | E35: 114.99
A36: 01.04.06 | B36: SUDECAP | C36: DE TELA GALVANIZADA #2" FIO 14 C/FIXAÇAO ENTERRADA | D36: M | E36: 60.41
A37: 01.04.07 | B37: SUDECAP | C37: DE TELA GALVANIZADA #2" FIO 14 C/BASE DE CONCRETO | D37: M | E37: 65
A38: 01.04.09 | B38: SUDECAP | C38: TELA-TAPUME DE POLIPROPILENO H= 1,20 M, INCL. BASE | D38: M | E38: 10.68
A39: 01.04.10 | B39: SUDECAP | C39: PROTEÇAO COM FITA ZEBRADA AMARELA L=7CM E PEÇA 7X7 | D39: M | E39: 8.24
A40: 01.04.11 | B40: SUDECAP | C40: FITA ZEBRADA AMARELA PARA SINALIZAÇAO L= 7CM | D40: M | E40: 3.26
A41: 01.04.16 | B41: SUDECAP | C41: TAPUME METÁLICO COM BASE DE CONCRETO (M) | D41: M | E41: 110.18
A42: 01.04.17 | B42: SUDECAP | C42: TAPUME METÁLICO COM BASE ENTERRADA (M) | D42: M | E42: 97.08
A43: 01.04.18 | B43: SUDECAP | C43: TAPUME METÁLICO COM TELA E BASE DE CONCRETO (M) | D43: M | E43: 119.31
A44: 01.04.19 | B44: SUDECAP | C44: TAPUME METÁLICO COM TELA E BASE ENTERRADA (M) | D44: M | E44: 106.18
A45: 01.04.20 | B45: SUDECAP | C45: REMANEJAMENTO DE TAPUME | D45: M | E45: 8.38
A46: 01.06 | B46: SUDECAP | C46: INSTALAÇAO PROVISORIA - CONCESSIONARIA
A47: 01.06.01 | B47: SUDECAP | C47: PADRÃO CEMIG PROVISÓRIO TIPO C3, DEMANDA PROVÁVEL DE 23,1 ATÉ 27,0KW (3F+N) | D47: UN | E47: 787.42
A48: 01.06.05 | B48: SUDECAP | C48: PADRAO COPASA - KIT CAVALTE METAL E REGISTRO 3/4" | D48: UN | E48: 332.29
A49: 01.07 | B49: SUDECAP | C49: FOSSA E SUMIDOURO
A50: 01.07.02 | B50: SUDECAP | C50: FOSSA SEPTICA E SUMIDOURO DN=1,20M H=4,00M | D50: UN | E50: 7059.15
A51: 01.08 | B51: SUDECAP | C51: REDE INTERNA E PROVISORIA DE AGUA E ESGOTO
A52: 01.08.01 | B52: SUDECAP | C52: TUBO PVC D= 100 MM | D52: M | E52: 23.69
A53: 01.08.02 | B53: SUDECAP | C53: TUBO PVC D= 150 MM | D53: M | E53: 50.34
A54: 01.08.03 | B54: SUDECAP | C54: TUBO PVC D= 200 MM | D54: M | E54: 102.55
A55: 01.08.04 | B55: SUDECAP | C55: TUBO PVC D= 250 MM | D55: M | E55: 101.52
A56: 01.08.20 | B56: SUDECAP | C56: TUBO PVC AGUA SOLDA E CONEXOES D=20MM (1/2") | D56: M | E56: 5.74
A57: 01.08.21 | B57: SUDECAP | C57: TUBO PVC AGUA SOLDA E CONEXOES D=25MM (3/4") | D57: M | E57: 6.58
A58: 01.09 | B58: SUDECAP | C58: CONTAINER 6,0X2,30X2,82 M COM ISOLAMENTO TERMICO
A59: 01.09.01 | B59: SUDECAP | C59: MOBILIZACAO DE CONTAINER | D59: UN | E59: 1200
A60: 01.09.02 | B60: SUDECAP | C60: CONTAINER SIMPLES COM AR CONDICIONADO PARA ESCRITÓRIO | D60: MES | E60: 1030
A61: 01.09.03 | B61: SUDECAP | C61: CONTAINER COM SANITÁRIO E AR CONDICIONADO PARA ESCRITÓRIO | D61: MES | E61: 1090
A62: 01.09.11 | B62: SUDECAP | C62: DESMOBILIZAÇÃO DE CONTAINER | D62: UN | E62: 1200
A63: 01.09.12 | B63: SUDECAP | C63: INSTALAÇÕES DE MOBILIÁRIOS PARA CONTAINER TIPO ESCRITÓRIO COM SANITÁRIO | D63: UN | E63: 512.94
A64: 01.09.14 | B64: SUDECAP | C64: INSTALAÇÕES DE MOBILIÁRIOS PARA CONTAINER TIPO REFEITÓRIO | D64: UN | E64: 189.23
A65: 01.09.15 | B65: SUDECAP | C65: INSTALAÇÕES DE MOBILIÁRIOS PARA CONTAINER TIPO DEPÓSITO E FERRAMENTARIA COM LAVATÓRIO | D65: UN | E65: 769.61
A66: 01.09.17 | B66: SUDECAP | C66: INSTALAÇÕES DE MOBILIÁRIOS PARA CONTAINER TIPO ESCRITÓRIO SEM SANITÁRIO | D66: UN | E66: 654.43
A67: 01.09.18 | B67: SUDECAP | C67: CONTAINER VESTIÁRIO TIPO I | D67: MES | E67: 1800
A68: 01.09.19 | B68: SUDECAP | C68: CONTAINER VESTIÁRIO TIPO II | D68: MES | E68: 2800
A69: 01.09.20 | B69: SUDECAP | C69: CONTAINER VESTIÁRIO TIPO III | D69: MES | E69: 3800
A70: 01.09.21 | B70: SUDECAP | C70: CONTAINER SIMPLES | D70: MES | E70: 730
... A75: 01.09.26 | B75: SUDECAP | C75: INSTALAÇÕES DE MOBILIÁRIOS PARA CONTAINER VESTIÁRIO TIPO III | D75: UN | E75: 346.77
A76: 01.09.27 | C76: CONTAINER PARA 2 VESTIÁRIOS E SANITÁRIOS | D76: MES | E76: 1800
A77: 01.10 | B77: SUDECAP | C77: BANHEIRO QUIMICO
A78: 01.10.01 | B78: SUDECAP | C78: BANHEIRO QUIMICO 110X120X230CM COM MANUTENCAO | D78: MES | E78: 680
A79: 01.10.02 | B79: SUDECAP | C79: BANHEIRO QUÍMICO E REBOQUE PARA TRANSPORTE DE BANHEIRO QUÍMICO | D79: MES | E79: 1003.05
A80: 01.11 | B80: SUDECAP | C80: SINALIZAÇAO
A81: 01.11.01 | B81: SUDECAP | C81: PLACA 1,0X0,60M DUPLA FACE CH.GALV. 26 EM CAVALETE | D81: UNMES | E81: 15.3
A82: 01.11.02 | B82: SUDECAP | C82: PLACA 1,0X0,60M CH.26 EM CAVALETE METALON 20X20MM | D82: UNMES | E82: 14.1
A83: 01.11.03 | B83: SUDECAP | C83: PLACA 0,50X0,50M DUPLA FACE CH.GALV.22 EM CAVALETE | D83: UNMES | E83: 11.3
A84: 01.11.04 | B84: SUDECAP | C84: PLACA 0,50X0,50M CH.GALV.22 CAVALETE METALON 20X20 | D84: UNMES | E84: 10.3
A85: 01.11.05 | B85: SUDECAP | C85: INSTALAÇÃO DE FAIXA MORIM 6,00M X 0,80M EM TECIDO COMUM E EUCALIPTO | D85: UN | E85: 113.53
A86: 01.11.06 | B86: SUDECAP | C86: CONE MASTER 75CM BASE DE BORRACHA CORPO POLIETILEN | D86: UN | E86: 131.6
A87: 01.11.07 | B87: SUDECAP | C87: CONE EM PVC H= 75 CM | D87: UN | E87: 40.65
A88: 01.11.08 | B88: SUDECAP | C88: SINALIZADOR ELET.MONOLIGHT LED 60 A 70 FLASHES/MIN | D88: UN | E88: 147
A89: 01.12 | C89: VISTORIA CAUTELAR
A90: 01.12.01 | B90: SUDECAP | C90: VISTORIA CAUTELAR - ÁREA CONSTRUÍDA <= 100M2 | D90: UN | E90: 352.06
A91: 01.12.02 | B91: SUDECAP | C91: VISTORIA CAUTELAR - 101M2 < ÁREA CONSTRUÍDA <= 200M2 | D91: UN | E91: 438.28
A92: 01.12.03 | B92: SUDECAP | C92: VISTORIA CAUTELAR - 201M2 < ÁREA CONSTRUÍDA <= 500M2 | D92: UN | E92: 578.05
A93: 01.12.04 | B93: SUDECAP | C93: VISTORIA CAUTELAR - 501M2 < ÁREA CONSTRUÍDA <= 2000M2 | D93: UN | E93: 837.08
A94: 01.12.05 | B94: SUDECAP | C94: VISTORIA CAUTELAR - 2001M2 < ÁREA CONSTRUÍDA <= 7000M2 | D94: UN | E94: 1384.55
A95: 01.12.06 | B95: SUDECAP | C95: VISTORIA CAUTELAR - ÁREA CONSTRUÍDA > 7001M2 | D95: UN | E95: 1936.43
A96: 01.13 | B96: SUDECAP | C96: GERENCIAMENTO DE RESÍDUOS DA CONSTRUÇÃO CIVIL
A97: 01.13.01 | B97: SUDECAP | C97: BAIA SIMPLES PARA RESÍDUOS DA CONSTRUÇÃO CIVIL | D97: UN | E97: 1618.29
A98: 01.13.02 | B98: SUDECAP | C98: BAIA DUPLA PARA RESÍDUOS DA CONSTRUÇÃO CIVIL | D98: UN | E98: 2768.35
A99: 01.13.03 | B99: SUDECAP | C99: PLACA IDENTIFCAÇÃO RESÍDUOS-PGRCC, CONFORME RESOLUÇÃO CONAMA-RDC Nº 275/01,EM LONA (BANNER), (30X30)CM | D99: UN | E99: 45.66
A101: 01.13.04 | B101: SUDECAP | C101: FORNECIMENTO BIG BAG P/ RESÍDUOS COMUNS-CAP. APROX.1M3, PADRÃO CLUB FARM OU EQUIVALENTE | D101: UN | E101: 42.48
A102: 01.13.05 | B102: SUDECAP | C102: FORNECIMENTO LIXEIRA PLÁSTICA C/ TAMPA VAI-VEM - 100 LITROS, PADRÃO Q100 WEBPLASTICO/EQUIVALENTE | D102: UN | E102: 143.54
A103: 01.13.06 | B103: SUDECAP | C103: FORNECIMENTO DE LONA REFORÇADA DE POLIETILENO PARA COBERTURA DE CAÇAMBA (4Mx4M), 600 MICRA | D103: UN | E103: 144.9
A104: 01.13.07 | B104: SUDECAP | C104: FORNECIMENTO DE BOMBONA BOCA LARGA PARA RESÍDUOS CLASSE B - 100 LITROS | D104: UN | E104: 406.9
A105: 01.14 | B105: SUDECAP | C105: SERVIÇOS AUXILIARES DE INSTALAÇÃO DE OBRA
A106: 01.14.01 | B106: SUDECAP | C106: PORTA EM COMPENSADO RESINADO 10MM 80X210CM | D106: UN | E106: 117.3
A107: 01.14.02 | B107: SUDECAP | C107: CONJUNTO MESA (130X60CM) E 2 BANCOS (130X40CM) EM MADEIRITE | D107: CJ | E107: 318.28
A108: 01.14.03 | B108: SUDECAP | C108: BANCO (130X40CM) EM MADEIRITE, PARA VESTIARIO | D108: UN | E108: 94.17
A109: 01.14.04 | B109: SUDECAP | C109: MAPOTECA PARA PROJETO 1,40X1,10X1,40M E PEÇA 8X8 CM | D109: UN | E109: 139.66
...
